 Dungeon Crawl Stone Soup version 0.29.0-4-gdea44cf6ec (webtiles) character file.

Game seed: 9362709060448591126

689353 qw the Conqueror (level 27, -12/199 HPs)
             Began as a Gargoyle Fighter on Sept 7, 2022.
             Was a High Priest of the Shining One.
             Mangled by an iron giant
             ... wielding a +0 giant spiked club
              (46 damage)
             ... on level 10 of a ziggurat on Sept 8, 2022.
             The game lasted 00:36:37 (58747 turns).

qw the Conqueror (Gargoyle Fighter)                Turns: 58747, Time: 00:36:37

Health: -12/199    AC: 70    Str: 31      XL:     27
Magic:  0/39       EV: 22    Int:  6 (10) God:    the Shining One [*****.]
Gold:   7099       SH: 27    Dex: 28      Spells: 26/26 levels left

rFire   + + +      SeeInvis +   m - +9 broad axe (holy)
rCold   + + +      Faith    .   q - +1 tower shield of Chimes {*Slow rF+++ SInv Stlth-}
rNeg    + + +      Spirit   .   C - +12 crystal plate armour of Fun and Games {rF+ Dex+3}
rPois   inf        Reflect  .   s - +1 hat "Rejenatz" {-Cast rC+ Regen+ Dex+6}
rElec   +          Harm     .   w - scarf {repulsion}
rCorr   +          Rampage  .   v - +2 pair of gloves {Dex+3}
Will    +....      NoCast   +   D - +2 pair of boots
Stlth   ..........              N - amulet "Fauhog" {Acrobat rC+++ Will- Slay+4}
HPRegen 1.23/turn               I - ring of the Conjuring Gods {rPois rCorr EV+4 Dex+3}
MPRegen 0.26/turn               (no ring)

@: mighty, flying, mesmerised, hasted, glowing, repel missiles, very quick
A: sickness immunity, AC +20, big wings, negative energy resistance 1,
electricity resistance, torment resistance 1, petrification resistance, antennae
1, agile 1, fire resistance 1, no potion heal 1
}: 4/15 runes: decaying, silver, golden, gossamer
a: Renounce Religion, Divine Shield, Cleansing Flame, Summon Divine Warrior


You were on level 10 of a ziggurat.
You worshipped the Shining One.
The Shining One was extremely pleased with you.
You visited 10 branches of the dungeon, and saw 50 of its levels.
You visited the Abyss 1 time.
You visited 1 ziggurat, and saw 10 of its levels.
You also visited: Wizlab.

You collected 10630 gold pieces.
You spent 3531 gold pieces at shops.


Innate Abilities, Weirdness & Mutations

You are immune to sickness and miasma.
Your stone body is resilient. (AC +20)
You are immune to poison.
Your large and strong wings let you fly.
You resist negative energy. (rN+)
You are resistant to electric shocks. (rElec)
You are resistant to unholy torment.
You are immune to petrification.
You have a pair of small antennae on your head.
You are agile. (Dex +4, Str/Int -1)
Your flesh is heat resistant. (rF+)
Potions are less effective at restoring your health.


   Skills:
 O Level 27 Fighting
 - Level 18.0 Axes
 - Level 15.0 Throwing
 + Level 23.0 Armour
 - Level 14.0 Dodging
 - Level 22.0 Shields
 - Level 25.6 Invocations


You had 26 spell levels left.
You didn't know any spells.
Your spell library was empty.

Inventory:

Hand Weapons
 m - a +9 broad axe of holy wrath (weapon)
Missiles
 g - 26 boomerangs
 H - 6 javelins (quivered)
 K - 6 silver boomerangs
Armour
 e - a +2 cloak
 h - a +0 tower shield
 q - the +1 tower shield of Chimes (worn) {*Slow rF+++ SInv Stlth-}
   (Okawaru gifted it to you on level 2 of the Vaults)

   rF:        It renders you almost immune to fire.
   SInv:      It lets you see invisible.
   *Slow:     It may slow you when you take damage.
   Stlth:     It makes you less stealthy.
 s - the +1 hat "Rejenatz" (worn) {-Cast rC+ Regen+ Dex+6}
   (Okawaru gifted it to you on level 4 of the Realm of Zot)

   Dex:       It affects your dexterity (+6).
   rC:        It protects you from cold.
   -Cast:     It prevents spellcasting.
   Regen:     It increases your rate of health regeneration.
 v - a +2 pair of gloves of dexterity (worn)
 w - a scarf of repulsion (worn)
 C - the +12 crystal plate armour of Fun and Games (worn) {rF+ Dex+3}
   (You found it on level 3 of the Tomb of the Ancients)

   Dex:       It affects your dexterity (+3).
   rF:        It protects you from fire.
 D - a +2 pair of boots (worn)
 P - a scarf of resistance
Jewellery
 j - the ring "Eluuv" {rPois Str+6 Int-4 Dex+2}
   (You found it on level 2 of the Depths)

   [ring of strength]

   Str:       It affects your strength (+6).
   Int:       It affects your intelligence (-4).
   Dex:       It affects your dexterity (+2).
   rPois:     It protects you from poison.
 u - the ring of Modesty {rC++ rN+ Will+ Str-2 SInv}
   (You took it off a yaktaur on level 5 of the Vaults)

   [ring of willpower]

   Str:       It affects your strength (-2).
   rC:        It greatly protects you from cold.
   rN:        It protects you from negative energy.
   SInv:      It lets you see invisible.
   Will:      It increases your willpower.
 x - the ring of the Death Scarab {rF+ Int+2}
   (You bought it in a shop on level 2 of the Orcish Mines)

   [ring of protection from fire]

   Int:       It affects your intelligence (+2).
   rF:        It protects you from fire.
 E - an amulet of reflection
 I - the ring of the Conjuring Gods (left hand) {rPois rCorr EV+4 Dex+3}
   (You found it on level 1 of the Crypt)

   [ring of evasion]

   EV:        It affects your evasion (+4).
   Dex:       It affects your dexterity (+3).
   rPois:     It protects you from poison.
   rCorr:     It protects you from acid and corrosion.
 N - the amulet "Fauhog" (around neck) {Acrobat rC+++ Will- Slay+4}
   (You took it off a frost giant on level 5 of the Vaults)

   [amulet of the acrobat]

   It increases your evasion while moving and waiting.
   Slay:      It affects your accuracy & damage with ranged weapons and melee
   (+4).
   rC:        It renders you almost immune to cold.
   Will:      It decreases your willpower.
 Y - the ring of Ymaj {rF+ Slay+4}
   (You acquired it on level 2 of the Orcish Mines)

   [ring of slaying]

   Slay:      It affects your accuracy & damage with ranged weapons and melee
   (+4).
   rF:        It protects you from fire.
Wands
 c - a wand of digging (22)
Scrolls
 f - 14 scrolls of identify
 p - 16 scrolls of teleportation
 t - 6 scrolls of blinking
 A - 4 scrolls of enchant armour
 F - 4 scrolls of enchant weapon
 O - 2 scrolls of brand weapon
Potions
 b - 2 potions of curing
 d - 10 potions of might
 i - 7 potions of attraction
 k - 8 potions of haste
 l - 16 potions of lignification
 r - 7 potions of magic
 z - 3 potions of cancellation
 B - 6 potions of resistance

Dungeon Overview and Level Annotations

Branches:
Dungeon (15/15)            Temple (0/1) D:7            Lair (5/5) D:10
  Swamp (4/4) Lair:2       Spider (4/4) Lair:2        Slime (0/5) Lair:5
    Orc (2/2) D:10            Elf (0/3) Orc:2        Vaults (5/5) D:14
  Crypt (3/3) Vaults:2       Tomb (3/3) Crypt:3      Depths (4/4) D:15
    Zot (5/5) Depths:4     WizLab (visited)

Altars:
Cheibriados
Dithmenos
Elyvilon
Fedhas
Gozag
Kikubaaqudgha
Makhleb
Nemelex Xobeh
Okawaru
Qazlal
Sif Muna
Trog
Vehumet
Zin
The Shining One
Jiyva

Shops:
D:6 [   D:10 [?([   D:11 [   Orc:1 [   Orc:2 **(:[*   Vaults:2 (   Depths:1 [

Portals:
Hell: Depths:1 Depths:2 Depths:3 Depths:4
Abyss: Depths:1 Depths:3 Depths:4
Pandemonium: Depths:2 Depths:4
Trove: D:11 (give 3 potions of resistance)

Annotations:
Swamp:1 1 runed translucent door, qw's ghost, adept TrCA
Vaults:4 2 transporters, Sianeop's ghost, adept GrFi
Depths:2 3 runed translucent doors, Janeylunn's ghost, veteran GnWn
Zot:4 4 transporters


Message History

The stone giant hits you but does no damage.
The iron golem closely misses you. You block the iron golem's attack.
The iron golem misses you. The iron golem closely misses you.
58745 ||| DRINKING potion of heal wounds.
Your system partially rejects the healing.
You feel much better.
Your daeva calls down the wrath of the Shining One upon the titan.
The titan is smitten.
You block the ettin's attack.
The ettin hits you with a +0 dire flail!
You block the titan's attack.
The obsidian statue's eyes glow briefly.
The orange crystal statue glitters.
You resist with almost no effort.
Your daeva resists with almost no effort.
You block the stone giant's attack.
You hit the titan.
The titan is almost dead.
You slice the juggernaut!! You slice the iron golem!! You slash the iron giant!
You slice the iron golem!! You hit the ettin. You hit the stone giant.
The crimson imp blinks!
The iron golem completely misses you. You block the iron golem's attack.
The iron golem closely misses you. The iron golem barely misses you.
You block the ettin's attack. The ettin completely misses you.
Your daeva hits the ettin with a +3 eudemon blade of holy wrath!
Your daeva hits the ettin with a +3 eudemon blade of holy wrath.
You slice the titan!!
You kill the titan!
The titan's corpse dissolves into shadows!
You slice the juggernaut!!
You hit the iron golem but do no damage.
You slice the iron giant!! You hit the iron golem. You slash the ettin!
You hit the stone giant but do no damage.
The juggernaut hits your daeva!
Your daeva blocks the juggernaut's attack.
The orange crystal statue glitters.
The obsidian statue's eyes glow briefly.
Send 'em back where they came from!
The Shining One protects your fellow warrior from evil magic!
The iron giant hits you with a +0 giant spiked club!!!
You die...

###########
##.........##
##5..........##
##...8.........##
#:.5..9AC.......##
\:|..3C@9C.......##
>))..5C.C.......\.#
\}}....CC........##
#).........C....##
##...8.....8...##
##...........##
##.......C.##
###########


You could see 2 iron golems, 2 iron giants, a juggernaut (summoned, expiring,
ally target), a titan (summoned), 3 stone giants, 2 orange crystal statues, an
obsidian statue (mesmerising), an ettin (summoned, berserk), a cyclops, a
neqoxec (summoned), 2 crimson imps, a shadow imp (summoned) and a friendly daeva
(summoned).

Vanquished Creatures
  5 orbs of fire
  Khufu (Tomb:3)
  4 dread liches
  8 ancient liches
  Mara (Spider:4)
  3 juggernauts (Zig:10)
  Sojobo (Crypt:3)
  21 royal mummies
  Boris (twice) (Crypt:1 Tomb:2)
  Saint Roka (Orc:2)
  Bai Suzhen (Swamp:4)
  9 Killer Klowns
  4 curse toes
  9 golden dragons
  Nikola (Spider:3)
  A bone dragon (Crypt:3)
  4 electric golems
  An iron giant (Zig:10)
  16 tentacled monstrosities
  Rupert (Orc:2)
  8 liches
  2 shard shrike skeletons
  25 Orb Guardians (Zot:5)
  7 deep elf master archers
  7 deep elf blademasters
  A walking divine tome (Depths:3)
  10 quicksilver dragons
  20 ancient champions
  Gastronok (D:11)
  14 titans
  2 acid blobs (Zig:8)
  Frances (D:14)
  12 sphinxes
  11 death cobs
  8 tengu reavers
  11 shadow dragons
  2 daevas (Depths:3)
  12 storm dragons
  Kirke (D:12)
  4 draconian knights
  6 draconian monks
  29 fire giants
  2 fenstrider witches
  Roxanne (Spider:4)
  3 deep elf sorcerers
  22 frost giants
  6 revenants
  16 vault wardens
  8 emperor scorpions
  A caustic shrike zombie (Crypt:1)
  An iron dragon (Vaults:5)
  A juggernaut zombie (Depths:3)
  An orc warlord (Orc:2)
  5 draconian shifters
  2 spectral caustic shrikes (WizLab)
  12 draconian scorchers
  3 curse skulls
  6 ghost moths
  3 draconian stormcallers
  8 ghouls
  20 ironbound preservers
  Louise (Swamp:1)
  5 caustic shrike skeletons (Crypt:3)
  An angel (Depths:3)
  8 draconian annihilators
  4 war gargoyles
  32 stone giants
  11 very ugly things
  5 eleionomae
  2 juggernaut skeletons
  A broodmother (Spider:2)
  7 ironbound thunderhulks
  8 vampire knights
  2 reapers
  15 green draconians
  10 black draconians
  3 deep elf demonologists
  8 bennus
  3 deep elf annihilators (Vaults:5)
  8 red draconians
  13 yellow draconians
  11 white draconians
  2 bunyips
  4 entropy weavers
  25 purple draconians
  10 dire elephants
  5 halazid warlocks (WizLab)
  13 spark wasps
  9 eidola
  23 mummy priests
  2 crystal guardians
  A deep elf high priest (Vaults:5)
  11 fire dragons
  13 ettins
  A merfolk impaler (Depths:2)
  7 deep elf death magi
  Josephine (Swamp:1)
  10 jiangshi
  10 great orbs of eyes
  10 ice dragons
  4 shambling mangroves
  17 yaktaur captains
  2 spriggan air magi
  An ogre mage (Vaults:5)
  32 vault guards
  2 caustic shrike simulacra
  5 rakshasas
  8 boulder beetles
  2 peacekeepers
  27 hydras
  2 quicksilver dragon skeletons (Crypt:3)
  3 jorogumos
  2 ghost crabs
  6 two-headed ogres
  A catoblepas (Lair:1)
  9 alligators
  3 radroaches
  Erica (D:8)
  8 ironbound frosthearts
  2 spriggan skeletons
  2 centaur warriors
  5 deep troll shamans
  2 death knights
  42 death scarabs
  2 azure jelly zombies (Crypt:1)
  5 death yaks
  4 vampire magi
  3 titan zombies
  14 deep troll earth magi
  4 tengu warriors
  A thrashing horror (Abyss:3)
  11 hell knights
  3 orc high priests (Orc:2)
  4 spriggan berserkers
  A sun demon (Depths:4)
  2 wretched stars (Abyss:3)
  3 sixfirhies
  2 iron trolls (Depths:4)
  3 soul eaters
  7 deep elf knights
  6 shadow wraiths
  2 titan skeletons (Crypt:3)
  37 skeletal warriors
  7 pharaoh ants
  A spatial maelstrom (Abyss:3)
  74 deep trolls
  5 goliath frogs
  8 steelbarb worms
  2 sun moths
  A spriggan druid (Swamp:2)
  A storm dragon skeleton (Crypt:3)
  A glowing orange brain (shapeshifter) (Vaults:5)
  3 glowing orange brains
  6 flayed ghosts
  19 orb spiders
  A shadow demon (Depths:2)
  A golden dragon zombie (Crypt:2)
  A steelbarb worm (shapeshifter) (D:14)
  10 swamp dragons
  2 shadow dragon zombies
  An iron giant skeleton (Crypt:3)
  2 anaconda skeletons (Crypt:3)
  27 ironbound convokers
  7 lindwurms
  8 orc knights
  7 deep elf zephyrmancers
  10 deep elf archers
  9 wizards
  5 harpies (Vaults:1)
  14 necromancers
  4 bog bodies
  5 orc sorcerers
  2 obsidian statues (Depths:1)
  14 phantasmal warriors
  2 spectral spriggans (WizLab)
  9 wolf spiders
  A shining eye (Zig:8)
  4 cyclopes
  A wolf spider zombie (WizLab)
  43 ugly things
  An oklob plant (Lair:4)
  5 deep elf pyromancers
  A faun (shapeshifter) (Vaults:5)
  4 manticores
  A fire giant zombie (Crypt:3)
  2 cyclopes (shapeshifter) (D:14)
  A moth of wrath (shapeshifter) (Zig:5)
  A sphinx skeleton (Crypt:2)
  4 will-o-the-wisps
  24 moths of wrath
  30 elephants
  4 rust devils (Depths:1)
  An apocalypse crab (Abyss:3)
  Maurice (D:8)
  2 centaur skeletons (Crypt:3)
  An eye of devastation (Zig:8)
  An elephant (shapeshifter) (Vaults:5)
  3 black mambas
  22 vault sentinels
  6 orange demons
  5 cane toads
  3 smoke demons
  A minotaur zombie (Crypt:1)
  A titan simulacrum (Crypt:3)
  4 torpor snails
  3 efreet
  A dire elephant skeleton (Crypt:3)
  A kobold demonologist (Depths:1)
  4 gargoyles
  2 cane toads (shapeshifter)
  2 unseen horrors
  2 rime drakes
  Psyche (D:11)
  5 ice devils
  5 naga skeletons (Crypt:3)
  8 freezing wraiths
  11 demonic crawlers
  29 yaktaurs
  A tormentor (Depths:4)
  A minotaur skeleton (Crypt:2)
  A golden dragon simulacrum (Depths:3)
  7 red devils
  6 meliai
  An ancient zyme (Abyss:3)
  13 komodo dragons
  3 tengu conjurers
  37 guardian mummies
  4 hellwings
  A spectral harpy (WizLab)
  A queen bee (shapeshifter) (Vaults:5)
  2 human skeletons
  A polar bear (Lair:1)
  8 trolls
  A bloated husk (Swamp:1)
  A queen bee (D:9)
  19 raiju (Abyss:3)
  A wolf spider simulacrum (D:14)
  7 tyrant leeches
  A mana viper skeleton (Crypt:3)
  13 hornets
  A slime creature (shapeshifter) (Zig:5)
  A sphinx simulacrum (Depths:3)
  2 fire dragon zombies (Crypt:3)
  A dream sheep (shapeshifter) (Zig:5)
  3 harpy skeletons
  25 tarantellas
  42 slime creatures
  4 blink frogs (Lair:3)
  5 dream sheep (Lair:5)
  Sigmund (D:4)
  4 spriggan zombies
  20 jumping spiders
  33 flying skulls
  15 culicivoras
  14 starcursed masses (Abyss:3)
  A vampire (D:12)
  2 shadows
  3 water elementals
  3 centaur simulacra
  54 yaks
  A culicivora (shapeshifter) (D:13)
  9 wraiths
  2 fire bats (Abyss:3)
  10 spriggans
  A human (D:12)
  28 ushabtiu
  3 fire elementals (Zig:7)
  4 wyverns
  A black mamba skeleton (Crypt:1)
  2 human simulacra
  3 small abominations (Abyss:3)
  4 basilisks
  4 golden eyes
  6 hogs (D:12)
  5 steam dragons
  12 vampire mosquitoes
  2 chaos spawn
  A neqoxec (Depths:1)
  31 redbacks
  Edmund (D:6)
  11 swamp worms
  A glowing shapeshifter zombie (Vaults:2)
  3 acid dragons
  7 large abominations (Abyss:3)
  4 wargs
  8 water moccasins
  An acid dragon (shapeshifter) (D:15)
  3 floating eyes
  A glowing shapeshifter skeleton (Vaults:2)
  7 ice beasts
  4 black bears
  47 orc warriors
  2 hell hounds (Zig:7)
  11 swamp drakes
  11 ogres
  A snapping turtle skeleton (Crypt:2)
  2 wolves (D:14)
  An elephant skeleton (Crypt:1)
  5 centaurs
  A lindwurm skeleton (Crypt:3)
  A draconian zombie (Crypt:2)
  5 kobold brigands
  12 bullfrogs
  A naga simulacrum (Crypt:1)
  9 necrophages
  3 scorpions
  17 wights
  A warg zombie (Crypt:3)
  26 killer bees
  4 howler monkeys
  8 electric eels
  A raiju skeleton (Crypt:2)
  A crimson imp (D:7)
  2 jellies (D:3)
  22 orc priests
  10 hounds
  14 iguanas
  36 orc wizards
  4 polar bear simulacra (Lair:5)
  4 yak simulacra (Lair:5)
  A sky beast zombie (Crypt:2)
  A hound skeleton (Crypt:1)
  46 mummies
  7 adders
  A river rat (D:6)
  2 shadow imps (D:6)
  9 white imps
  4 ufetubi
  An iguana zombie (Crypt:3)
  A lava snake skeleton (Crypt:1)
  2 worms
  2 dart slugs
  95 orcs
  10 ball pythons
  9 endoplasms
  3 giant cockroaches
  5 goblins
  5 hobgoblins
  20 kobolds
  6 quokkas
  8 bats
  A butterfly zombie (Crypt:2)
  4 frilled lizards
  An orc skeleton (Crypt:3)
  8 rats
  3 river rat simulacra (Lair:5)
2608 creatures vanquished.

Vanquished Creatures (collateral kills)
  An orb of fire (Zig:7)
  A dread lich (Crypt:3)
  15 royal mummies
  3 liches
  A frost giant (Tomb:3)
  A fire giant (Zig:10)
  A curse skull (Zig:6)
  A reaper (Zig:6)
  2 stone giants
  4 bennus (Tomb:2)
  2 mummy priests (Tomb:2)
  A fire dragon (Zig:7)
  10 death scarabs
  A phantasmal warrior (Zig:6)
  An obsidian statue (Zig:10)
  A deep elf zephyrmancer (Tomb:3)
  A deep elf pyromancer (Tomb:3)
  4 guardian mummies
  2 flying skulls (Tomb:1)
  4 ushabtiu (Tomb:3)
  8 mummies
65 creatures vanquished.

Vanquished Creatures (others)
  A draconian monk (Zot:2)
  2 frost giants
  2 orb spiders (Spider:4)
  A deep elf zephyrmancer (Crypt:2)
  A moth of wrath (Zot:2)
  2 bloated husks
  A hornet (Swamp:1)
  A slime creature (Zig:8)
  A flying skull (WizLab)
  An acid dragon (D:13)
  An orc warrior (Orc:2)
  2 wights (Crypt:3)
  A kobold (D:10)
  5 foxfires
  5 fungi
  79 plants
  7 toadstools (D:3)
113 creatures vanquished.

Grand Total: 2786 creatures vanquished

Notes
Turn   | Place    | Note
-------+----------+-------------------------------------------
     0 | D:1      | qw the Gargoyle Fighter began the quest for the Orb.
     0 | D:1      | Reached XP level 1. HP: 14/14 MP: 1/1
     0 | D:1      | 0 ||| qw: Version: 0.1-a-108-g9e35731
     0 | D:1      | 0 ||| qw: Game counter: 6576
     0 | D:1      | 0 ||| qw: Always use a shield: true
     0 | D:1      | 0 ||| qw: God list: Okawaru
     0 | D:1      | 0 ||| qw: Allow faded altars: false
     0 | D:1      | 0 ||| qw: Do Orc after D:15 true
     0 | D:1      | 0 ||| qw: Do second Lair branch before Depths: true
     0 | D:1      | 0 ||| qw: Lair rune preference: random
     0 | D:1      | 0 ||| qw: Plans: Normal, Zot, God:TSO, Crypt, Tomb, Zig,
                  | Orb
     0 | D:1      | 0 ||| PLANNING D:1-11
   178 | D:1      | Reached XP level 2. HP: 19/19 MP: 2/2
   775 | D:1      | 775 ||| Stepping ~*~*~tactically~*~*~ (stealth).
   796 | D:1      | 796 ||| READING scroll labelled FOGHAA GASEM.
   797 | D:1      | 797 ||| READING scroll labelled OXASAO WARI.
   802 | D:1      | 802 ||| READING scroll labelled YXTIRE FOXOSASO.
   818 | D:2      | 818 ||| STAIRDANCE
   821 | D:1      | Reached skill level 3 in Axes
   829 | D:2      | Reached XP level 3. HP: 23/23 MP: 3/3
  1216 | D:2      | Found a faded altar of an unknown god.
  1232 | D:2      | 1232 ||| FLEEEEING.
  1237 | D:2      | 1237 ||| FLEEEEING.
  1238 | D:2      | 1238 ||| FLEEEEING.
  1621 | D:2      | 1621 ||| DROPPING orb of wrath.
  1622 | D:2      | 1622 ||| UPGRADING to +4 ring of protection.
  1623 | D:2      | 1623 ||| READING scroll labelled NABBODO GESCHUTAPRO.
  1658 | D:3      | 1658 ||| STAIRDANCE
  1701 | D:3      | Reached XP level 4. HP: 28/28 MP: 4/4
  1702 | D:3      | 1702 ||| Stepping ~*~*~tactically~*~*~ (hiding).
  1703 | D:3      | 1703 ||| Stepping ~*~*~tactically~*~*~ (hiding).
  2155 | D:3      | 2155 ||| Stepping ~*~*~tactically~*~*~ (stealth).
  2165 | D:3      | Reached XP level 5. HP: 25/32 MP: 5/5
  2170 | D:3      | HP: 6/32 [acid (10)]
  2498 | D:3      | Found a snail-covered altar of Cheibriados.
  2560 | D:3      | 2560 ||| UPGRADING to +6 ring of strength.
  2561 | D:3      | 2561 ||| READING scroll labelled GYFOGR GOCHUS.
  2562 | D:3      | 2562 ||| READING scroll labelled COLE ZECELEOF.
  2562 | D:3      | Identified a scroll of acquirement
  2562 | D:3      | 2562 ||| ACQUIRING +1 broad axe of venom
  2562 | D:3      | Acquired a +1 broad axe of venom
  2564 | D:3      | 2564 ||| SWAPPING to +1 broad axe of venom.
  2565 | D:3      | 2565 ||| DROPPING +0 war axe.
  2612 | D:4      | Noticed Sigmund
  2620 | D:4      | Killed Sigmund
  2621 | D:4      | Reached XP level 6. HP: 36/37 MP: 6/6
  2852 | D:4      | 2852 ||| FLEEEEING.
  2853 | D:4      | 2853 ||| FLEEEEING.
  2854 | D:4      | 2854 ||| FLEEEEING.
  2855 | D:4      | 2855 ||| FLEEEEING.
  2856 | D:4      | 2856 ||| FLEEEEING.
  2857 | D:4      | 2857 ||| FLEEEEING.
  2858 | D:4      | 2858 ||| FLEEEEING.
  2859 | D:4      | 2859 ||| FLEEEEING.
  2860 | D:4      | 2860 ||| FLEEEEING.
  2861 | D:4      | 2861 ||| FLEEEEING.
  2862 | D:4      | 2862 ||| FLEEEEING.
  2863 | D:4      | 2863 ||| FLEEEEING.
  2864 | D:4      | 2864 ||| FLEEEEING.
  2865 | D:4      | 2865 ||| FLEEEEING.
  2866 | D:4      | 2866 ||| FLEEEEING.
  2867 | D:4      | 2867 ||| FLEEEEING.
  2868 | D:4      | 2868 ||| FLEEEEING.
  2869 | D:4      | 2869 ||| FLEEEEING.
  2870 | D:4      | 2870 ||| FLEEEEING.
  2871 | D:4      | 2871 ||| FLEEEEING.
  2872 | D:4      | 2872 ||| FLEEEEING.
  2873 | D:4      | 2873 ||| FLEEEEING.
  2874 | D:4      | 2874 ||| FLEEEEING.
  2875 | D:4      | 2875 ||| FLEEEEING.
  2876 | D:4      | 2876 ||| FLEEEEING.
  2877 | D:4      | 2877 ||| FLEEEEING.
  2878 | D:4      | 2878 ||| FLEEEEING.
  2879 | D:4      | 2879 ||| FLEEEEING.
  2880 | D:4      | 2880 ||| FLEEEEING.
  2881 | D:4      | 2881 ||| FLEEEEING.
  2882 | D:4      | 2882 ||| FLEEEEING.
  2883 | D:4      | 2883 ||| FLEEEEING.
  2884 | D:4      | 2884 ||| FLEEEEING.
  2885 | D:4      | 2885 ||| FLEEEEING.
  2886 | D:4      | 2886 ||| FLEEEEING.
  2887 | D:4      | 2887 ||| FLEEEEING.
  2888 | D:4      | 2888 ||| FLEEEEING.
  2889 | D:4      | 2889 ||| FLEEEEING.
  2890 | D:4      | 2890 ||| FLEEEEING.
  2892 | D:4      | 2892 ||| FLEEEEING.
  2893 | D:4      | 2893 ||| FLEEEEING.
  2894 | D:4      | 2894 ||| FLEEEEING.
  2895 | D:4      | 2895 ||| FLEEEEING.
  2896 | D:4      | 2896 ||| FLEEEEING.
  2897 | D:4      | 2897 ||| FLEEEEING.
  2898 | D:4      | 2898 ||| FLEEEEING.
  2899 | D:4      | 2899 ||| FLEEEEING.
  2900 | D:4      | 2900 ||| FLEEEEING.
  2901 | D:4      | 2901 ||| FLEEEEING.
  2926 | D:4      | Reached skill level 4 in Fighting
  3117 | D:4      | 3117 ||| DROPPING +0 club.
  3253 | D:4      | Reached XP level 7. HP: 40/43 MP: 7/7
  3394 | D:4      | 3394 ||| Stepping ~*~*~tactically~*~*~ (stealth).
  3395 | D:4      | 3395 ||| Stepping ~*~*~tactically~*~*~ (stealth).
  3401 | D:4      | 3401 ||| DROPPING +0 mace.
  3611 | D:4      | 3611 ||| UPGRADING to +0 helmet.
  3616 | D:4      | 3616 ||| UPGRADING to +0 chain mail.
  3626 | D:4      | 3626 ||| DROPPING +0 scale mail.
  3627 | D:4      | 3627 ||| READING scroll labelled FOOKEG AQOECK.
  3628 | D:4      | 3628 ||| DRINKING 2 coppery potions.
  3629 | D:4      | 3629 ||| DRINKING 3 bubbling dark potions.
  3630 | D:4      | 3630 ||| DRINKING 2 black potions.
  3631 | D:4      | 3631 ||| READING 2 scrolls of identify.
  3631 | D:4      | 3631 ||| IDENTIFYING viscous yellow potion
  3632 | D:4      | 3632 ||| DROPPING potion of degeneration.
  3633 | D:4      | 3633 ||| DROPPING 2 potions of invisibility.
  3665 | D:5      | Entered Level 5 of the Dungeon
  3733 | D:5      | Reached skill level 6 in Axes
  3750 | D:5      | 3750 ||| Stepping ~*~*~tactically~*~*~ (stealth).
  3750 | D:5      | Found a shimmering blue altar of Sif Muna.
  3751 | D:5      | 3751 ||| Stepping ~*~*~tactically~*~*~ (stealth).
  3770 | D:5      | 3770 ||| Stepping ~*~*~tactically~*~*~ (stealth).
  3793 | D:5      | 3793 ||| FLEEEEING.
  3794 | D:5      | 3794 ||| FLEEEEING.
  3826 | D:5      | 3826 ||| Stepping ~*~*~tactically~*~*~ (stealth).
  3827 | D:5      | 3827 ||| Stepping ~*~*~tactically~*~*~ (stealth).
  4214 | D:5      | Reached XP level 8. HP: 46/48 MP: 8/8
  4287 | D:5      | Found a glowing golden altar of the Shining One.
  4289 | D:5      | Found an opulent altar of Gozag.
  4295 | D:5      | Reached skill level 5 in Fighting
  4295 | D:5      | Found a sparkling altar of Nemelex Xobeh.
  4295 | D:5      | Found an iron altar of Okawaru.
  4304 | D:5      | 4304 ||| Stepping ~*~*~tactically~*~*~ (stealth).
  4312 | D:5      | 4312 ||| Stepping ~*~*~tactically~*~*~ (stealth).
  4313 | D:5      | 4313 ||| Stepping ~*~*~tactically~*~*~ (stealth).
  4357 | D:5      | Became a worshipper of Warmaster Okawaru
  4654 | D:5      | 4654 ||| UPGRADING to +0 pair of boots.
  4659 | D:5      | 4659 ||| READING scroll labelled FAWIEMAOLO.
  4660 | D:5      | 4660 ||| READING 3 scrolls labelled DOYTESTEWYU.
  4661 | D:5      | 4661 ||| READING 2 scrolls of enchant weapon.
  4661 | D:5      | 4661 ||| ENCHANTING +2 broad axe of venom.
  4662 | D:5      | 4662 ||| READING scroll of enchant weapon.
  4662 | D:5      | 4662 ||| ENCHANTING +3 broad axe of venom.
  4663 | D:5      | 4663 ||| READING scroll labelled VIKLIBB XOFUC.
  4664 | D:5      | 4664 ||| READING scroll labelled FARGHU POGO.
  4765 | D:5      | 4765 ||| DRINKING 2 grey potions.
  4766 | D:5      | 4766 ||| READING 7 scrolls of identify.
  4766 | D:5      | 4766 ||| IDENTIFYING dark potion
  4767 | D:5      | 4767 ||| READING 6 scrolls of identify.
  4767 | D:5      | 4767 ||| IDENTIFYING golden potion
  4768 | D:5      | 4768 ||| READING 5 scrolls of identify.
  4768 | D:5      | 4768 ||| IDENTIFYING yellow potion
  4769 | D:5      | 4769 ||| DROPPING potion of brilliance.
  4778 | D:6      | 4778 ||| PLANNING SEWER
  4778 | D:6      | 4778 ||| STAIRDANCE
  4859 | D:6      | 4859 ||| Stepping ~*~*~tactically~*~*~ (cloud).
  4864 | D:6      | Noticed Edmund
  4874 | D:6      | Killed Edmund
  4877 | D:6      | 4877 ||| DROPPING +0 flail.
  4929 | D:6      | 4929 ||| Stepping ~*~*~tactically~*~*~ (hiding).
  4937 | D:6      | Reached * piety under Okawaru
  4947 | D:6      | Reached skill level 1 in Invocations
  4951 | D:6      | Reached XP level 9. HP: 51/54 MP: 8/10
  4968 | D:6      | Found a stormy altar of Qazlal.
  4983 | D:6      | Identified the +0 leather armour of Coprad {rF+ Int+5}
  5151 | D:6      | Found a shadowy altar of Dithmenos.
  5202 | D:6      | 5202 ||| Stepping ~*~*~tactically~*~*~ (hiding).
  5338 | D:6      | 5338 ||| Stepping ~*~*~tactically~*~*~ (hiding).
  5342 | D:6      | 5342 ||| INVOKING Heroism.
  5346 | D:6      | Reached skill level 6 in Fighting
  5346 | D:6      | Reached skill level 3 in Invocations
  5360 | D:6      | 5360 ||| Stepping ~*~*~tactically~*~*~ (hiding).
  5363 | D:6      | Found Voweinyt's Armour Boutique.
  5390 | D:6      | 5390 ||| BUYING +1 cloak (115 gold).
  5390 | D:6      | Bought a +1 cloak for 115 gold pieces
  5390 | D:6      | 5390 ||| BUYING +1 helmet "Zairhosi" {Str+2} (207 gold).
  5390 | D:6      | Bought the +1 helmet "Zairhosi" {Str+2} for 207 gold pieces
  5390 | D:6      | 5390 ||| SHOPLISTING quicksilver dragon scales (600 gold,
                  | have 70).
  5516 | D:6      | 5516 ||| RIP SEWER
  5545 | D:6      | 5545 ||| PLANNING D:1-11
  5831 | D:6      | 5831 ||| UPGRADING to +0 cloak.
  5836 | D:6      | 5836 ||| UPGRADING to +1 cloak.
  5846 | D:6      | 5846 ||| DROPPING +0 cloak.
  5847 | D:6      | 5847 ||| UPGRADING to +1 helmet "Zairhosi" {Str+2}.
  5857 | D:6      | 5857 ||| DROPPING +0 helmet.
  5858 | D:6      | 5858 ||| UPGRADING to +4 ring of evasion.
  5860 | D:6      | 5860 ||| DROPPING +6 ring of strength.
  5861 | D:6      | 5861 ||| READING scroll labelled YMEWKE GEYNGAS.
  5883 | D:7      | 5883 ||| INVOKING Heroism.
  5915 | D:7      | 5915 ||| INVOKING Heroism.
  6040 | D:7      | 6040 ||| Stepping ~*~*~tactically~*~*~ (hiding).
  6043 | D:7      | 6043 ||| INVOKING Heroism.
  6044 | D:7      | 6044 ||| Stepping ~*~*~tactically~*~*~ (stealth).
  6069 | D:7      | Reached ** piety under Okawaru
  6070 | D:7      | Reached skill level 9 in Axes
  6071 | D:7      | 6071 ||| INVOKING Heroism.
  6146 | D:7      | Identified the +12 flail of Modesty {vorpal, Will+ Dex+2}
  6148 | D:7      | 6148 ||| DROPPING +1 flail of draining.
  6232 | D:7      | Found a staircase to the Ecumenical Temple.
  6234 | D:7      | 6234 ||| Stepping ~*~*~tactically~*~*~ (stealth).
  6308 | D:7      | 6308 ||| Stepping ~*~*~tactically~*~*~ (stealth).
  6329 | D:7      | 6329 ||| Stepping ~*~*~tactically~*~*~ (hiding).
  6335 | D:7      | 6335 ||| INVOKING Heroism.
  6342 | D:7      | 6342 ||| Stepping ~*~*~tactically~*~*~ (hiding).
  6381 | D:7      | Found a radiant altar of Vehumet.
  6382 | D:7      | Found a burning altar of Makhleb.
  6416 | D:7      | 6416 ||| UPGRADING to amulet of regeneration.
  6421 | D:7      | 6421 ||| DROPPING ring of willpower.
  6422 | D:7      | 6422 ||| READING scroll labelled FUDITU GAIPIE.
  6423 | D:7      | 6423 ||| READING scroll labelled BUOREUWEUC.
  6424 | D:7      | 6424 ||| READING 7 scrolls of identify.
  6424 | D:7      | 6424 ||| IDENTIFYING puce potion
  6455 | D:8      | Noticed Maurice
  6456 | D:8      | 6456 ||| Stepping ~*~*~tactically~*~*~ (hiding).
  6465 | D:8      | Killed Maurice
  6466 | D:8      | Reached skill level 7 in Fighting
  6521 | D:8      | Reached XP level 10. HP: 63/63 MP: 13/13
  6571 | D:8      | 6571 ||| Stepping ~*~*~tactically~*~*~ (stealth).
  6573 | D:8      | 6573 ||| Stepping ~*~*~tactically~*~*~ (stealth).
  6576 | D:8      | 6576 ||| Stepping ~*~*~tactically~*~*~ (stealth).
  6579 | D:8      | 6579 ||| INVOKING Heroism.
  6581 | D:8      | Reached *** piety under Okawaru
  6600 | D:8      | 6600 ||| Stepping ~*~*~tactically~*~*~ (stealth).
  6601 | D:8      | 6601 ||| Stepping ~*~*~tactically~*~*~ (stealth).
  6610 | D:8      | 6610 ||| Stepping ~*~*~tactically~*~*~ (stealth).
  6612 | D:8      | 6612 ||| Stepping ~*~*~tactically~*~*~ (stealth).
  6622 | D:8      | 6622 ||| Stepping ~*~*~tactically~*~*~ (stealth).
  6623 | D:8      | 6623 ||| Stepping ~*~*~tactically~*~*~ (stealth).
  6624 | D:8      | 6624 ||| Stepping ~*~*~tactically~*~*~ (stealth).
  6626 | D:8      | 6626 ||| Stepping ~*~*~tactically~*~*~ (stealth).
  6627 | D:8      | 6627 ||| Stepping ~*~*~tactically~*~*~ (stealth).
  6676 | D:8      | 6676 ||| READING scroll of enchant weapon.
  6676 | D:8      | 6676 ||| ENCHANTING +4 broad axe of venom.
  6695 | D:8      | Noticed Erica
  6696 | D:8      | 6696 ||| INVOKING Heroism.
  6705 | D:8      | Killed Erica
  6705 | D:8      | Reached **** piety under Okawaru
  6706 | D:8      | Reached skill level 6 in Armour
  6781 | D:8      | 6781 ||| INVOKING Heroism.
  7135 | D:8      | 7135 ||| READING 7 scrolls of identify.
  7135 | D:8      | 7135 ||| IDENTIFYING orange potion
  7167 | D:9      | 7167 ||| Stepping ~*~*~tactically~*~*~ (hiding).
  7168 | D:9      | 7168 ||| Stepping ~*~*~tactically~*~*~ (hiding).
  7261 | D:9      | 7261 ||| Stepping ~*~*~tactically~*~*~ (hiding).
  7262 | D:9      | 7262 ||| Stepping ~*~*~tactically~*~*~ (hiding).
  7264 | D:9      | 7264 ||| INVOKING Heroism.
  7276 | D:9      | Reached skill level 8 in Fighting
  7318 | D:9      | 7318 ||| Stepping ~*~*~tactically~*~*~ (stealth).
  7319 | D:9      | 7319 ||| Stepping ~*~*~tactically~*~*~ (stealth).
  7333 | D:9      | 7333 ||| Stepping ~*~*~tactically~*~*~ (stealth).
  7338 | D:9      | 7338 ||| INVOKING Heroism.
  7353 | D:9      | Reached skill level 6 in Invocations
  7357 | D:9      | Reached XP level 11. HP: 68/68 MP: 15/15
  7389 | D:9      | 7389 ||| Stepping ~*~*~tactically~*~*~ (hiding).
  7391 | D:9      | 7391 ||| INVOKING Heroism.
  7439 | D:9      | 7439 ||| INVOKING Heroism.
  7502 | D:9      | Noticed a two-headed ogre
  7503 | D:9      | 7503 ||| INVOKING Heroism.
  7511 | D:9      | Killed a two-headed ogre
  7511 | D:9      | Reached ***** piety under Okawaru
  7571 | D:9      | 7571 ||| Stepping ~*~*~tactically~*~*~ (stealth).
  7573 | D:9      | 7573 ||| Stepping ~*~*~tactically~*~*~ (stealth).
  7579 | D:9      | 7579 ||| Stepping ~*~*~tactically~*~*~ (stealth).
  7583 | D:9      | 7583 ||| INVOKING Heroism.
  7639 | D:9      | 7639 ||| Stepping ~*~*~tactically~*~*~ (hiding).
  7712 | D:9      | 7712 ||| Stepping ~*~*~tactically~*~*~ (stealth).
  7716 | D:9      | 7716 ||| INVOKING Heroism.
  7849 | D:9      | Found a glowing silver altar of Zin.
  7865 | D:9      | Found an ancient bone altar of Kikubaaqudgha.
  7869 | D:9      | Found a blossoming altar of Fedhas.
  7884 | D:9      | 7884 ||| UPGRADING to +0 plate armour.
  7894 | D:9      | 7894 ||| DROPPING +0 chain mail.
  7911 | D:10     | Entered Level 10 of the Dungeon
  7914 | D:10     | 7914 ||| Stepping ~*~*~tactically~*~*~ (stealth).
  7915 | D:10     | 7915 ||| Stepping ~*~*~tactically~*~*~ (stealth).
  7916 | D:10     | 7916 ||| INVOKING Heroism.
  7940 | D:10     | 7940 ||| INVOKING Heroism.
  8038 | D:10     | Found a staircase to the Orcish Mines.
  8074 | D:10     | 8074 ||| INVOKING Heroism.
  8090 | D:10     | 8090 ||| Stepping ~*~*~tactically~*~*~ (water).
  8111 | D:10     | Found Zaxzu's Weapon Emporium.
  8112 | D:10     | Noticed a two-headed ogre
  8113 | D:10     | 8113 ||| Stepping ~*~*~tactically~*~*~ (stealth).
  8115 | D:10     | 8115 ||| INVOKING Heroism.
  8122 | D:10     | Killed a two-headed ogre
  8123 | D:10     | Reached skill level 9 in Invocations
  8153 | D:10     | Found Jobiaph's Magic Scroll Shoppe.
  8156 | D:10     | 8156 ||| BUYING scroll of blinking (90 gold).
  8156 | D:10     | Bought a scroll of blinking for 90 gold pieces
  8156 | D:10     | 8156 ||| BUYING scroll of blinking (90 gold).
  8156 | D:10     | Bought a scroll of blinking for 90 gold pieces
  8156 | D:10     | 8156 ||| SHOPLISTING scroll of brand weapon (114 gold, have
                  | 74).
  8156 | D:10     | 8156 ||| SHOPLISTING scroll of enchant weapon (90 gold,
                  | have 74).
  8156 | D:10     | 8156 ||| BUYING scroll of identify (24 gold).
  8156 | D:10     | Bought a scroll of identify for 24 gold pieces
  8156 | D:10     | 8156 ||| BUYING scroll of identify (24 gold).
  8156 | D:10     | Bought a scroll of identify for 24 gold pieces
  8168 | D:10     | 8168 ||| SHOPLISTING +2 morningstar of holy wrath (268
                  | gold, have 26).
  8196 | D:10     | 8196 ||| Stepping ~*~*~tactically~*~*~ (hiding).
  8199 | D:10     | Found Itol's Antique Armour Emporium.
  8214 | D:10     | 8214 ||| SHOPLISTING pair of glowing gloves (195 gold, have
                  | 26).
  8214 | D:10     | 8214 ||| SHOPLISTING runed plate armour (676 gold, have
                  | 26).
  8214 | D:10     | 8214 ||| SHOPLISTING smoking plate armour (728 gold, have
                  | 26).
  8214 | D:10     | 8214 ||| SHOPLISTING spiked plate armour (728 gold, have
                  | 26).
  8350 | D:10     | Found Wetoegess's Armour Boutique.
  8358 | D:10     | 8358 ||| SHOPLISTING +1 pair of boots (172 gold, have 26).
  8512 | D:10     | Found a staircase to the Lair.
  8609 | D:10     | 8609 ||| PLANNING LAIR
  8637 | Lair:1   | Entered Level 1 of the Lair of Beasts
  8652 | Lair:1   | 8652 ||| INVOKING Heroism.
  8685 | Lair:1   | 8685 ||| Stepping ~*~*~tactically~*~*~ (stealth).
  8687 | Lair:1   | 8687 ||| Stepping ~*~*~tactically~*~*~ (hiding).
  8696 | Lair:1   | Identified the +1 robe of Claustrophobia {rElec Int+3}
                  | (Okawaru gifted it to you on level 1 of the Lair of Beasts)
  8696 | Lair:1   | Received a gift from Okawaru
  8699 | Lair:1   | 8699 ||| INVOKING Heroism.
  8725 | Lair:1   | 8725 ||| Stepping ~*~*~tactically~*~*~ (stealth).
  8798 | Lair:1   | 8798 ||| Stepping ~*~*~tactically~*~*~ (stealth).
  8803 | Lair:1   | 8803 ||| INVOKING Heroism.
  8814 | Lair:1   | Reached skill level 9 in Fighting
  8814 | Lair:1   | Reached XP level 12. HP: 76/76 MP: 17/19
  8945 | Lair:1   | 8945 ||| INVOKING Heroism.
  8987 | Lair:1   | 8987 ||| Stepping ~*~*~tactically~*~*~ (stealth).
  8989 | Lair:1   | 8989 ||| INVOKING Heroism.
  8992 | Lair:1   | Reached skill level 12 in Axes
  9050 | Lair:1   | 9050 ||| Stepping ~*~*~tactically~*~*~ (stealth).
  9053 | Lair:1   | 9053 ||| Stepping ~*~*~tactically~*~*~ (stealth).
  9135 | Lair:1   | Noticed a catoblepas
  9136 | Lair:1   | 9136 ||| INVOKING Heroism.
  9137 | Lair:1   | 9137 ||| INVOKING Finesse.
  9148 | Lair:1   | Killed a catoblepas
  9398 | Lair:1   | 9398 ||| Stepping ~*~*~tactically~*~*~ (stealth).
  9827 | Lair:1   | 9827 ||| READING 12 scrolls of identify.
  9827 | Lair:1   | 9827 ||| IDENTIFYING bubbling amethyst potion
  9828 | Lair:1   | 9828 ||| READING 11 scrolls of identify.
  9828 | Lair:1   | 9828 ||| IDENTIFYING murky sapphire potion
  9829 | Lair:1   | 9829 ||| DROPPING potion of flight.
  9830 | Lair:1   | 9830 ||| DROPPING potion of berserk rage.
  9890 | Lair:2   | 9890 ||| Stepping ~*~*~tactically~*~*~ (stealth).
  9907 | Lair:2   | Reached skill level 9 in Armour
  9958 | Lair:2   | 9958 ||| Stepping ~*~*~tactically~*~*~ (hiding).
  9965 | Lair:2   | Reached skill level 6 in Shields
  9983 | Lair:2   | 9983 ||| INVOKING Heroism.
  9985 | Lair:2   | Found a staircase to the Swamp.
 10228 | Lair:2   | Found a hole to the Spider Nest.
 10233 | Lair:2   | 10233 ||| INVOKING Heroism.
 10291 | Lair:2   | Noticed a death yak
 10291 | Lair:2   | Noticed a death yak
 10291 | Lair:2   | Noticed a death yak
 10292 | Lair:2   | 10292 ||| INVOKING Heroism.
 10292 | Lair:2   | Noticed a death yak
 10293 | Lair:2   | 10293 ||| Stepping ~*~*~tactically~*~*~ (stealth).
 10294 | Lair:2   | 10294 ||| INVOKING Finesse.
 10302 | Lair:2   | Killed a death yak
 10303 | Lair:2   | Reached skill level 10 in Fighting
 10307 | Lair:2   | Killed a death yak
 10310 | Lair:2   | Killed a death yak
 10310 | Lair:2   | Received a gift from Okawaru
 10319 | Lair:2   | Killed a death yak
 10359 | Lair:2   | 10359 ||| Stepping ~*~*~tactically~*~*~ (stealth).
 10648 | Lair:2   | 10648 ||| READING 10 scrolls of identify.
 10648 | Lair:2   | 10648 ||| IDENTIFYING cyan potion
 10649 | Lair:2   | 10649 ||| DRINKING potion of experience.
 10649 | Lair:2   | Reached XP level 13. HP: 82/82 MP: 20/20
 10669 | Lair:3   | 10669 ||| STAIRDANCE
 10682 | Lair:3   | 10682 ||| STAIRDANCE
 10684 | Lair:2   | 10684 ||| INVOKING Heroism.
 10749 | Lair:3   | 10749 ||| INVOKING Heroism.
 10750 | Lair:3   | 10750 ||| SWAPPING to +12 flail of Modesty {vorpal, Will+
                  | Dex+2}.
 10751 | Lair:3   | 10751 ||| SWAPPING to +5 broad axe of venom.
 10753 | Lair:3   | 10753 ||| SWAPPING to +12 flail of Modesty {vorpal, Will+
                  | Dex+2}.
 10754 | Lair:3   | 10754 ||| INVOKING Finesse.
 10761 | Lair:3   | Gained mutation: Your large and strong wings let you fly.
                  | [Gargoyle growth]
 10761 | Lair:3   | Reached XP level 14. HP: 42/88 MP: 14/21
 10761 | Lair:3   | 10761 ||| SWAPPING to +5 broad axe of venom.
 10765 | Lair:3   | 10765 ||| Stepping ~*~*~tactically~*~*~ (stealth).
 10812 | Lair:3   | 10812 ||| Stepping ~*~*~tactically~*~*~ (stealth).
 10813 | Lair:3   | 10813 ||| Stepping ~*~*~tactically~*~*~ (stealth).
 10887 | Lair:3   | 10887 ||| Stepping ~*~*~tactically~*~*~ (stealth).
 10891 | Lair:3   | 10891 ||| Stepping ~*~*~tactically~*~*~ (stealth).
 10895 | Lair:3   | Received a gift from Okawaru
 10897 | Lair:3   | 10897 ||| INVOKING Heroism.
 10947 | Lair:3   | 10947 ||| Stepping ~*~*~tactically~*~*~ (hiding).
 11021 | Lair:3   | 11021 ||| Stepping ~*~*~tactically~*~*~ (stealth).
 11108 | Lair:3   | 11108 ||| INVOKING Heroism.
 11109 | Lair:3   | 11109 ||| INVOKING Finesse.
 11112 | Lair:3   | 11112 ||| SWAPPING to +12 flail of Modesty {vorpal, Will+
                  | Dex+2}.
 11119 | Lair:3   | 11119 ||| SWAPPING to +5 broad axe of venom.
 11513 | Lair:3   | 11513 ||| READING scroll labelled YPPOD VEBONE.
 11534 | Lair:4   | 11534 ||| INVOKING Heroism.
 11535 | Lair:4   | 11535 ||| INVOKING Finesse.
 11536 | Lair:4   | 11536 ||| STAIRDANCE
 11579 | Lair:4   | 11579 ||| STAIRDANCE
 11724 | Lair:4   | 11724 ||| INVOKING Heroism.
 11754 | Lair:4   | Received a gift from Okawaru
 11766 | Lair:4   | Reached skill level 11 in Fighting
 12783 | Lair:4   | 12783 ||| UPGRADING to scarf of repulsion.
 12833 | Lair:5   | Entered Level 5 of the Lair of Beasts
 12834 | Lair:5   | 12834 ||| INVOKING Heroism.
 12835 | Lair:5   | 12835 ||| INVOKING Finesse.
 12838 | Lair:5   | 12838 ||| SWAPPING to +12 flail of Modesty {vorpal, Will+
                  | Dex+2}.
 12840 | Lair:5   | Reached skill level 3 in Dodging
 12840 | Lair:5   | 12840 ||| SWAPPING to +5 broad axe of venom.
 12852 | Lair:5   | 12852 ||| Stepping ~*~*~tactically~*~*~ (stealth).
 12871 | Lair:5   | 12871 ||| SWAPPING to +12 flail of Modesty {vorpal, Will+
                  | Dex+2}.
 12873 | Lair:5   | 12873 ||| SWAPPING to +5 broad axe of venom.
 12875 | Lair:5   | 12875 ||| SWAPPING to +12 flail of Modesty {vorpal, Will+
                  | Dex+2}.
 12877 | Lair:5   | 12877 ||| SWAPPING to +5 broad axe of venom.
 12892 | Lair:5   | 12892 ||| INVOKING Heroism.
 12922 | Lair:5   | 12922 ||| Stepping ~*~*~tactically~*~*~ (stealth).
 12927 | Lair:5   | Received a gift from Okawaru
 12935 | Lair:5   | 12935 ||| INVOKING Finesse.
 12940 | Lair:5   | 12940 ||| INVOKING Heroism.
 12952 | Lair:5   | 12952 ||| SWAPPING to +12 flail of Modesty {vorpal, Will+
                  | Dex+2}.
 12953 | Lair:5   | 12953 ||| Stepping ~*~*~tactically~*~*~ (outnumbered).
 12954 | Lair:5   | 12954 ||| Stepping ~*~*~tactically~*~*~ (outnumbered).
 12955 | Lair:5   | 12955 ||| Stepping ~*~*~tactically~*~*~ (outnumbered).
 12956 | Lair:5   | 12956 ||| Stepping ~*~*~tactically~*~*~ (outnumbered).
 12957 | Lair:5   | 12957 ||| Stepping ~*~*~tactically~*~*~ (outnumbered).
 12958 | Lair:5   | 12958 ||| STAIRDANCE
 12960 | Lair:4   | 12960 ||| SWAPPING to +5 broad axe of venom.
 13001 | Lair:4   | 13001 ||| UPGRADING to +1 pair of gloves of dexterity.
 13008 | Lair:5   | 13008 ||| STAIRDANCE
 13010 | Lair:4   | 13010 ||| INVOKING Heroism.
 13011 | Lair:4   | 13011 ||| SWAPPING to +12 flail of Modesty {vorpal, Will+
                  | Dex+2}.
 13012 | Lair:4   | 13012 ||| INVOKING Finesse.
 13013 | Lair:4   | 13013 ||| Stepping ~*~*~tactically~*~*~ (outnumbered).
 13014 | Lair:4   | 13014 ||| Stepping ~*~*~tactically~*~*~ (outnumbered).
 13024 | Lair:4   | 13024 ||| SWAPPING to +5 broad axe of venom.
 13095 | Lair:5   | Found a staircase to the Slime Pits.
 13096 | Lair:5   | Found a viscous altar of Jiyva.
 13119 | Lair:5   | 13119 ||| Stepping ~*~*~tactically~*~*~ (stealth).
 13128 | Lair:5   | 13128 ||| INVOKING Heroism.
 13141 | Lair:5   | Reached skill level 15 in Axes
 13261 | Lair:5   | 13261 ||| Stepping ~*~*~tactically~*~*~ (hiding).
 13272 | Lair:5   | 13272 ||| INVOKING Heroism.
 13322 | Lair:5   | 13322 ||| INVOKING Heroism.
 13366 | Lair:5   | 13366 ||| Stepping ~*~*~tactically~*~*~ (cloud).
 13369 | Lair:5   | 13369 ||| Stepping ~*~*~tactically~*~*~ (hiding).
 13396 | Lair:5   | 13396 ||| Stepping ~*~*~tactically~*~*~ (stealth).
 13419 | Lair:5   | 13419 ||| Stepping ~*~*~tactically~*~*~ (hiding).
 13475 | Lair:5   | 13475 ||| Stepping ~*~*~tactically~*~*~ (stealth).
 13495 | Lair:5   | 13495 ||| Stepping ~*~*~tactically~*~*~ (hiding).
 13496 | Lair:5   | 13496 ||| INVOKING Heroism.
 13497 | Lair:5   | 13497 ||| INVOKING Finesse.
 13565 | Lair:5   | 13565 ||| Stepping ~*~*~tactically~*~*~ (stealth).
 13592 | Lair:5   | Reached XP level 15. HP: 88/95 MP: 22/22
 14166 | Lair:5   | 14166 ||| PLANNING D:1-11
 14166 | Lair:5   | 14166 ||| DROPPING ring of magical power.
 14167 | Lair:5   | 14167 ||| DROPPING ring of wizardry.
 14168 | Lair:5   | 14168 ||| READING scroll labelled ENUSOFIWEG.
 14169 | Lair:5   | 14169 ||| READING 10 scrolls of identify.
 14169 | Lair:5   | 14169 ||| IDENTIFYING brown potion
 14289 | D:11     | Noticed Gastronok
 14301 | D:11     | 14301 ||| INVOKING Heroism.
 14302 | D:11     | Killed Gastronok
 14437 | D:11     | 14437 ||| DROPPING +1 flail of protection.
 14479 | D:11     | Found Qass's Antique Armour Shoppe.
 14482 | D:11     | 14482 ||| BUYING pitted chain mail (285 gold).
 14482 | D:11     | Bought a pitted chain mail for 285 gold pieces
 14482 | D:11     | Identified the +13 chain mail "Heith" {+Inv rElec Regen+
                  | Slay+2} (You bought it in a shop on level 11 of the
                  | Dungeon)
 14525 | D:11     | 14525 ||| Stepping ~*~*~tactically~*~*~ (stealth).
 14532 | D:11     | 14532 ||| Stepping ~*~*~tactically~*~*~ (stealth).
 14533 | D:11     | 14533 ||| Stepping ~*~*~tactically~*~*~ (stealth).
 14587 | D:11     | Reached skill level 12 in Fighting
 14646 | D:11     | 14646 ||| Stepping ~*~*~tactically~*~*~ (stealth).
 14646 | D:11     | Found a white marble altar of Elyvilon.
 14647 | D:11     | 14647 ||| Stepping ~*~*~tactically~*~*~ (stealth).
 14697 | D:11     | 14697 ||| Stepping ~*~*~tactically~*~*~ (stealth).
 14698 | D:11     | Noticed Psyche
 14699 | D:11     | 14699 ||| Stepping ~*~*~tactically~*~*~ (stealth).
 14708 | D:11     | Killed Psyche
 14709 | D:11     | Received a gift from Okawaru
 14774 | D:11     | 14774 ||| Stepping ~*~*~tactically~*~*~ (hiding).
 14790 | D:11     | 14790 ||| Stepping ~*~*~tactically~*~*~ (stealth).
 14794 | D:11     | 14794 ||| Stepping ~*~*~tactically~*~*~ (stealth).
 14997 | D:11     | Found a portal to a secret trove of treasure.
 15209 | D:11     | 15209 ||| PLANNING D
 15209 | D:11     | 15209 ||| UPGRADING to +13 chain mail "Heith" {+Inv rElec
                  | Regen+ Slay+2}.
 15219 | D:11     | 15219 ||| DROPPING +0 plate armour.
 15220 | D:11     | 15220 ||| DROPPING orb of light.
 15349 | D:12     | 15349 ||| Stepping ~*~*~tactically~*~*~ (stealth).
 15351 | D:12     | 15351 ||| Stepping ~*~*~tactically~*~*~ (stealth).
 15354 | D:12     | 15354 ||| INVOKING Heroism.
 15359 | D:12     | 15359 ||| READING 7 scrolls of teleportation.
 15401 | D:12     | 15401 ||| Stepping ~*~*~tactically~*~*~ (stealth).
 15402 | D:12     | 15402 ||| Stepping ~*~*~tactically~*~*~ (stealth).
 15408 | D:12     | 15408 ||| INVOKING Heroism.
 15409 | D:12     | 15409 ||| Stepping ~*~*~tactically~*~*~ (stealth).
 15584 | D:12     | 15584 ||| INVOKING Heroism.
 15585 | D:12     | 15585 ||| INVOKING Finesse.
 15587 | D:12     | 15587 ||| SWAPPING to +12 flail of Modesty {vorpal, Will+
                  | Dex+2}.
 15592 | D:12     | 15592 ||| SWAPPING to +5 broad axe of venom.
 15596 | D:12     | 15596 ||| Stepping ~*~*~tactically~*~*~ (hiding).
 15597 | D:12     | 15597 ||| Stepping ~*~*~tactically~*~*~ (hiding).
 15635 | D:12     | Noticed Kirke
 15636 | D:12     | 15636 ||| INVOKING Finesse.
 15647 | D:12     | 15647 ||| INVOKING Heroism.
 15648 | D:12     | Received a gift from Okawaru
 15654 | D:12     | Killed Kirke
 15724 | D:12     | 15724 ||| Stepping ~*~*~tactically~*~*~ (hiding).
 15792 | D:12     | 15792 ||| INVOKING Heroism.
 15802 | D:12     | Received a gift from Okawaru
 16159 | D:12     | 16159 ||| DROPPING +6 ring of intelligence.
 16251 | D:13     | 16251 ||| INVOKING Heroism.
 16288 | D:13     | Received a gift from Okawaru
 16296 | D:13     | 16296 ||| INVOKING Heroism.
 16327 | D:13     | 16327 ||| DROPPING +2 antimagic war axe.
 16340 | D:13     | Identified the +0 pair of gloves of a bazaar {rF- rN+
                  | Regen+ Str+2}
 16768 | D:13     | 16768 ||| FLEEEEING.
 16775 | D:13     | 16775 ||| FLEEEEING.
 16776 | D:13     | 16776 ||| FLEEEEING.
 16777 | D:13     | 16777 ||| FLEEEEING.
 16778 | D:13     | 16778 ||| FLEEEEING.
 16780 | D:13     | 16780 ||| FLEEEEING.
 16781 | D:13     | 16781 ||| FLEEEEING.
 16782 | D:13     | 16782 ||| FLEEEEING.
 16783 | D:13     | 16783 ||| FLEEEEING.
 16784 | D:13     | 16784 ||| FLEEEEING.
 16785 | D:13     | 16785 ||| Stepping ~*~*~tactically~*~*~ (hiding).
 16927 | D:13     | 16927 ||| UPGRADING to amulet of reflection.
 16937 | D:13     | 16937 ||| DROPPING amulet of regeneration.
 16938 | D:13     | 16938 ||| READING scroll labelled REBBOKODIR.
 16979 | D:14     | 16979 ||| Stepping ~*~*~tactically~*~*~ (hiding).
 16981 | D:14     | 16981 ||| STAIRDANCE
 17087 | D:14     | 17087 ||| STAIRDANCE
 17150 | D:14     | Received a gift from Okawaru
 17155 | D:14     | 17155 ||| INVOKING Heroism.
 17156 | D:14     | 17156 ||| INVOKING Finesse.
 17158 | D:14     | 17158 ||| SWAPPING to +12 flail of Modesty {vorpal, Will+
                  | Dex+2}.
 17164 | D:14     | 17164 ||| SWAPPING to +5 vorpal broad axe.
 17211 | D:14     | 17211 ||| INVOKING Heroism.
 17223 | D:14     | 17223 ||| Stepping ~*~*~tactically~*~*~ (cloud).
 17236 | D:14     | Found a frozen archway.
 17251 | D:14     | 17251 ||| Stepping ~*~*~tactically~*~*~ (hiding).
 17252 | D:14     | 17252 ||| Stepping ~*~*~tactically~*~*~ (hiding).
 17293 | D:14     | 17293 ||| INVOKING Heroism.
 17305 | D:14     | Received a gift from Okawaru
 17336 | D:14     | Found a gate to the Vaults.
 17379 | D:14     | 17379 ||| Stepping ~*~*~tactically~*~*~ (hiding).
 17401 | D:14     | 17401 ||| READING scroll of enchant armour.
 17401 | D:14     | 17401 ||| ENCHANTING +1 pair of gloves of dexterity.
 17456 | D:14     | Noticed Frances
 17457 | D:14     | 17457 ||| Stepping ~*~*~tactically~*~*~ (hiding).
 17458 | D:14     | 17458 ||| INVOKING Heroism.
 17459 | D:14     | 17459 ||| INVOKING Finesse.
 17467 | D:14     | Killed Frances
 17553 | D:14     | 17553 ||| INVOKING Heroism.
 17601 | D:14     | 17601 ||| Stepping ~*~*~tactically~*~*~ (stealth).
 17777 | D:15     | Entered Level 15 of the Dungeon
 17971 | D:15     | 17971 ||| Stepping ~*~*~tactically~*~*~ (hiding).
 17976 | D:15     | Received a gift from Okawaru
 17978 | D:15     | 17978 ||| FLEEEEING.
 17979 | D:15     | 17979 ||| INVOKING Heroism.
 17984 | D:15     | Reached XP level 16. HP: 77/103 MP: 20/23
 17988 | D:15     | 17988 ||| INVOKING Finesse.
 17992 | D:15     | Reached skill level 13 in Fighting
 18043 | D:15     | 18043 ||| Stepping ~*~*~tactically~*~*~ (stealth).
 18045 | D:15     | 18045 ||| INVOKING Heroism.
 18049 | D:15     | 18049 ||| Stepping ~*~*~tactically~*~*~ (stealth).
 18111 | D:15     | 18111 ||| Stepping ~*~*~tactically~*~*~ (hiding).
 18118 | D:15     | Received a gift from Okawaru
 18150 | D:15     | 18150 ||| INVOKING Heroism.
 18151 | D:15     | 18151 ||| SWAPPING to +12 flail of Modesty {vorpal, Will+
                  | Dex+2}.
 18152 | D:15     | 18152 ||| INVOKING Finesse.
 18158 | D:15     | 18158 ||| SWAPPING to +5 vorpal broad axe.
 18202 | D:15     | 18202 ||| INVOKING Heroism.
 18203 | D:15     | 18203 ||| SWAPPING to +12 flail of Modesty {vorpal, Will+
                  | Dex+2}.
 18204 | D:15     | 18204 ||| INVOKING Finesse.
 18210 | D:15     | 18210 ||| SWAPPING to +5 vorpal broad axe.
 18384 | D:15     | Found an ancient bone altar of Kikubaaqudgha.
 18548 | D:15     | Found a staircase to the Depths.
 18742 | D:15     | 18742 ||| PLANNING ORC
 18910 | Orc:1    | Entered Level 1 of the Orcish Mines
 18911 | Orc:1    | 18911 ||| INVOKING Heroism.
 18916 | Orc:1    | 18916 ||| INVOKING Finesse.
 18943 | Orc:1    | Found Sirgh's Antique Armour Boutique.
 19019 | Orc:1    | 19019 ||| BUYING pair of embroidered boots (270 gold).
 19019 | Orc:1    | Bought a pair of embroidered boots for 270 gold pieces
 19019 | Orc:1    | 19019 ||| BUYING runed helmet (270 gold).
 19019 | Orc:1    | Bought a runed helmet for 270 gold pieces
 19027 | Orc:1    | 19027 ||| Stepping ~*~*~tactically~*~*~ (stealth).
 19028 | Orc:1    | 19028 ||| Stepping ~*~*~tactically~*~*~ (stealth).
 19029 | Orc:1    | 19029 ||| Stepping ~*~*~tactically~*~*~ (stealth).
 19059 | Orc:1    | 19059 ||| Stepping ~*~*~tactically~*~*~ (stealth).
 19062 | Orc:1    | 19062 ||| Stepping ~*~*~tactically~*~*~ (stealth).
 19064 | Orc:1    | 19064 ||| Stepping ~*~*~tactically~*~*~ (stealth).
 19069 | Orc:1    | 19069 ||| Stepping ~*~*~tactically~*~*~ (stealth).
 19072 | Orc:1    | 19072 ||| Stepping ~*~*~tactically~*~*~ (hiding).
 19076 | Orc:1    | 19076 ||| Stepping ~*~*~tactically~*~*~ (hiding).
 19077 | Orc:1    | 19077 ||| INVOKING Heroism.
 19092 | Orc:1    | 19092 ||| Stepping ~*~*~tactically~*~*~ (stealth).
 19097 | Orc:1    | 19097 ||| Stepping ~*~*~tactically~*~*~ (hiding).
 19099 | Orc:1    | 19099 ||| Stepping ~*~*~tactically~*~*~ (hiding).
 19100 | Orc:1    | 19100 ||| Stepping ~*~*~tactically~*~*~ (hiding).
 19101 | Orc:1    | 19101 ||| Stepping ~*~*~tactically~*~*~ (hiding).
 19146 | Orc:1    | 19146 ||| Stepping ~*~*~tactically~*~*~ (stealth).
 19149 | Orc:1    | 19149 ||| INVOKING Heroism.
 19467 | Orc:1    | 19467 ||| UPGRADING to +1 pair of boots.
 19477 | Orc:1    | 19477 ||| DROPPING +0 pair of boots.
 19478 | Orc:1    | 19478 ||| UPGRADING to +2 helmet of see invisible.
 19503 | Orc:2    | Entered Level 2 of the Orcish Mines
 19504 | Orc:2    | 19504 ||| STAIRDANCE
 19509 | Orc:2    | 19509 ||| STAIRDANCE
 19518 | Orc:2    | 19518 ||| STAIRDANCE
 19524 | Orc:2    | 19524 ||| STAIRDANCE
 19547 | Orc:2    | Noticed Saint Roka
 19548 | Orc:2    | 19548 ||| STAIRDANCE
 19550 | Orc:1    | 19550 ||| INVOKING Heroism.
 19584 | Orc:2    | 19584 ||| STAIRDANCE
 19598 | Orc:2    | 19598 ||| STAIRDANCE
 19611 | Orc:2    | 19611 ||| STAIRDANCE
 19616 | Orc:2    | 19616 ||| STAIRDANCE
 19632 | Orc:2    | 19632 ||| INVOKING Heroism.
 19652 | Orc:2    | Killed Saint Roka
 19725 | Orc:2    | 19725 ||| Stepping ~*~*~tactically~*~*~ (stealth).
 19727 | Orc:2    | 19727 ||| Stepping ~*~*~tactically~*~*~ (stealth).
 19729 | Orc:2    | 19729 ||| INVOKING Heroism.
 19734 | Orc:2    | 19734 ||| Stepping ~*~*~tactically~*~*~ (hiding).
 19749 | Orc:2    | Noticed Rupert
 19755 | Orc:2    | HP: 24/104 [Rupert/+4 vorpal great mace (8)]
 19756 | Orc:2    | 19756 ||| READING 7 scrolls of teleportation.
 19757 | Orc:2    | 19757 ||| DRINKING 14 potions of heal wounds.
 19760 | Orc:2    | 19760 ||| INVOKING Heroism.
 19831 | Orc:2    | 19831 ||| Stepping ~*~*~tactically~*~*~ (stealth).
 19835 | Orc:2    | 19835 ||| INVOKING Heroism.
 19837 | Orc:2    | 19837 ||| Stepping ~*~*~tactically~*~*~ (hiding).
 19867 | Orc:2    | 19867 ||| Stepping ~*~*~tactically~*~*~ (stealth).
 19868 | Orc:2    | 19868 ||| Stepping ~*~*~tactically~*~*~ (stealth).
 19869 | Orc:2    | 19869 ||| Stepping ~*~*~tactically~*~*~ (hiding).
 19871 | Orc:2    | 19871 ||| Stepping ~*~*~tactically~*~*~ (hiding).
 19873 | Orc:2    | 19873 ||| Stepping ~*~*~tactically~*~*~ (hiding).
 19903 | Orc:2    | Found a staircase to the Elven Halls.
 19909 | Orc:2    | 19909 ||| INVOKING Heroism.
 19921 | Orc:2    | HP: 24/104 [orc priest/+4 flail of venom (6)]
 19922 | Orc:2    | 19922 ||| READING 6 scrolls of teleportation.
 19923 | Orc:2    | 19923 ||| DRINKING 13 potions of heal wounds.
 19924 | Orc:2    | 19924 ||| DRINKING 12 potions of heal wounds.
 19988 | Orc:2    | 19988 ||| Stepping ~*~*~tactically~*~*~ (stealth).
 19990 | Orc:2    | 19990 ||| INVOKING Heroism.
 19991 | Orc:2    | 19991 ||| DRINKING 10 potions of curing.
 19991 | Orc:2    | 19991 ||| (to cure confusion)
 20006 | Orc:2    | Killed Rupert
 20007 | Orc:2    | Reached skill level 18 in Axes
 20053 | Orc:2    | 20053 ||| FLEEEEING.
 20054 | Orc:2    | 20054 ||| FLEEEEING.
 20055 | Orc:2    | 20055 ||| FLEEEEING.
 20056 | Orc:2    | 20056 ||| FLEEEEING.
 20057 | Orc:2    | 20057 ||| FLEEEEING.
 20058 | Orc:2    | 20058 ||| FLEEEEING.
 20059 | Orc:2    | 20059 ||| FLEEEEING.
 20061 | Orc:2    | 20061 ||| FLEEEEING.
 20074 | Orc:2    | 20074 ||| Stepping ~*~*~tactically~*~*~ (hiding).
 20080 | Orc:2    | 20080 ||| INVOKING Heroism.
 20122 | Orc:2    | 20122 ||| Stepping ~*~*~tactically~*~*~ (stealth).
 20147 | Orc:2    | Reached skill level 9 in Shields
 20219 | Orc:2    | 20219 ||| Stepping ~*~*~tactically~*~*~ (stealth).
 20234 | Orc:2    | 20234 ||| Stepping ~*~*~tactically~*~*~ (stealth).
 20236 | Orc:2    | 20236 ||| Stepping ~*~*~tactically~*~*~ (hiding).
 20238 | Orc:2    | 20238 ||| INVOKING Heroism.
 20244 | Orc:2    | 20244 ||| Stepping ~*~*~tactically~*~*~ (hiding).
 20254 | Orc:2    | 20254 ||| INVOKING Finesse.
 20267 | Orc:2    | Received a gift from Okawaru
 20298 | Orc:2    | 20298 ||| Stepping ~*~*~tactically~*~*~ (stealth).
 20336 | Orc:2    | 20336 ||| Stepping ~*~*~tactically~*~*~ (stealth).
 20387 | Orc:2    | 20387 ||| INVOKING Heroism.
 20441 | Orc:2    | Found Zapruj Guetz's General Store.
 20442 | Orc:2    | Found Rooz Kala's Book Shoppe.
 20444 | Orc:2    | Found Eguots's Antique Armour Shoppe.
 20444 | Orc:2    | Found Kobun's Antique Weapon Emporium.
 20449 | Orc:2    | 20449 ||| BUYING potion of haste (100 gold).
 20449 | Orc:2    | Bought a potion of haste for 100 gold pieces
 20460 | Orc:2    | 20460 ||| BUYING tower shield (148 gold).
 20460 | Orc:2    | Bought a tower shield for 148 gold pieces
 20620 | Orc:2    | Found Tuympoti's General Store.
 20623 | Orc:2    | Found Culusi Cuhyr's Assorted Antiques.
 20632 | Orc:2    | 20632 ||| BUYING coiled pewter ring (115 gold).
 20632 | Orc:2    | Bought a coiled pewter ring for 115 gold pieces
 20632 | Orc:2    | Identified the ring of the Death Scarab {rF+ Int+2} (You
                  | bought it in a shop on level 2 of the Orcish Mines)
 20632 | Orc:2    | 20632 ||| BUYING glass ring (115 gold).
 20632 | Orc:2    | Bought a glass ring for 115 gold pieces
 20649 | Orc:2    | 20649 ||| SHOPLISTING scroll of acquirement (624 gold, have
                  | 354).
 20742 | Orc:2    | 20742 ||| PLANNING SPIDER:1-3
 20742 | Orc:2    | 20742 ||| UPGRADING to +0 tower shield.
 20752 | Orc:2    | 20752 ||| DROPPING +0 buckler.
 20753 | Orc:2    | 20753 ||| DROPPING ring of protection from cold.
 20858 | Spider:1 | Entered Level 1 of the Spider Nest
 20862 | Spider:1 | 20862 ||| INVOKING Heroism.
 20865 | Spider:1 | Received a gift from Okawaru
 21028 | Spider:1 | 21028 ||| DRINKING 9 potions of curing.
 21028 | Spider:1 | 21028 ||| (to cure confusion)
 21041 | Spider:1 | 21041 ||| Stepping ~*~*~tactically~*~*~ (stealth).
 21043 | Spider:1 | 21043 ||| INVOKING Heroism.
 21099 | Spider:1 | 21099 ||| INVOKING Finesse.
 21200 | Spider:1 | 21200 ||| Stepping ~*~*~tactically~*~*~ (stealth).
 21335 | Spider:1 | 21335 ||| INVOKING Heroism.
 21383 | Spider:1 | 21383 ||| Stepping ~*~*~tactically~*~*~ (hiding).
 21399 | Spider:1 | 21399 ||| Stepping ~*~*~tactically~*~*~ (stealth).
 21547 | Spider:1 | 21547 ||| INVOKING Heroism.
 21633 | Spider:1 | 21633 ||| INVOKING Heroism.
 21636 | Spider:1 | Received a gift from Okawaru
 21729 | Spider:1 | 21729 ||| INVOKING Heroism.
 21964 | Spider:2 | 21964 ||| STAIRDANCE
 21971 | Spider:2 | 21971 ||| STAIRDANCE
 21986 | Spider:2 | 21986 ||| Stepping ~*~*~tactically~*~*~ (hiding).
 21987 | Spider:2 | 21987 ||| Stepping ~*~*~tactically~*~*~ (hiding).
 21991 | Spider:2 | 21991 ||| INVOKING Heroism.
 22026 | Spider:2 | Received a gift from Okawaru
 22033 | Spider:2 | Reached XP level 17. HP: 110/110 MP: 24/24
 22067 | Spider:2 | 22067 ||| Stepping ~*~*~tactically~*~*~ (stealth).
 22068 | Spider:2 | 22068 ||| Stepping ~*~*~tactically~*~*~ (stealth).
 22073 | Spider:2 | 22073 ||| INVOKING Heroism.
 22077 | Spider:2 | Reached skill level 12 in Shields
 22155 | Spider:2 | 22155 ||| INVOKING Heroism.
 22164 | Spider:2 | 22164 ||| INVOKING Finesse.
 22207 | Spider:2 | 22207 ||| READING scroll of enchant armour.
 22207 | Spider:2 | 22207 ||| ENCHANTING +1 pair of boots.
 22398 | Spider:2 | 22398 ||| INVOKING Heroism.
 22478 | Spider:2 | 22478 ||| INVOKING Finesse.
 22596 | Spider:3 | 22596 ||| Stepping ~*~*~tactically~*~*~ (stealth).
 22597 | Spider:3 | 22597 ||| Stepping ~*~*~tactically~*~*~ (stealth).
 22622 | Spider:3 | Noticed Nikola
 22623 | Spider:3 | 22623 ||| INVOKING Heroism.
 22624 | Spider:3 | 22624 ||| INVOKING Finesse.
 22656 | Spider:3 | Killed Nikola
 22656 | Spider:3 | Received a gift from Okawaru
 22691 | Spider:3 | 22691 ||| INVOKING Finesse.
 22828 | Spider:3 | 22828 ||| INVOKING Heroism.
 22836 | Spider:3 | Received a gift from Okawaru
 22858 | Spider:3 | 22858 ||| INVOKING Finesse.
 22880 | Spider:3 | 22880 ||| READING 11 scrolls of teleportation.
 23000 | Spider:3 | 23000 ||| INVOKING Heroism.
 23116 | Spider:3 | Received a gift from Okawaru
 23262 | Spider:3 | 23262 ||| PLANNING SWAMP:1-3
 23262 | Spider:3 | 23262 ||| DROPPING amulet of the acrobat.
 23263 | Spider:3 | 23263 ||| DROPPING amulet of faith.
 23385 | Swamp:1  | Entered Level 1 of the Swamp
 23386 | Swamp:1  | 23386 ||| INVOKING Heroism.
 23387 | Swamp:1  | 23387 ||| SWAPPING to +12 flail of Modesty {vorpal, Will+
                  | Dex+2}.
 23391 | Swamp:1  | 23391 ||| SWAPPING to +5 vorpal broad axe.
 23414 | Swamp:1  | Noticed qw's ghost (adept TrCA)
 23417 | Swamp:1  | Found a runed translucent door.
 23421 | Swamp:1  | Noticed Josephine
 23433 | Swamp:1  | Killed Josephine
 23490 | Swamp:1  | 23490 ||| Stepping ~*~*~tactically~*~*~ (hiding).
 23509 | Swamp:1  | 23509 ||| INVOKING Heroism.
 23527 | Swamp:1  | Received a gift from Okawaru
 23537 | Swamp:1  | 23537 ||| Stepping ~*~*~tactically~*~*~ (stealth).
 23539 | Swamp:1  | 23539 ||| Stepping ~*~*~tactically~*~*~ (hiding).
 23540 | Swamp:1  | 23540 ||| Stepping ~*~*~tactically~*~*~ (hiding).
 23552 | Swamp:1  | Reached skill level 15 in Shields
 23574 | Swamp:1  | 23574 ||| INVOKING Heroism.
 23575 | Swamp:1  | 23575 ||| SWAPPING to +12 flail of Modesty {vorpal, Will+
                  | Dex+2}.
 23581 | Swamp:1  | 23581 ||| SWAPPING to +5 vorpal broad axe.
 23607 | Swamp:1  | Noticed Louise
 23620 | Swamp:1  | Killed Louise
 23734 | Swamp:1  | 23734 ||| Stepping ~*~*~tactically~*~*~ (hiding).
 23735 | Swamp:1  | 23735 ||| Stepping ~*~*~tactically~*~*~ (hiding).
 23888 | Swamp:1  | 23888 ||| INVOKING Heroism.
 23892 | Swamp:1  | Received a gift from Okawaru
 24049 | Swamp:1  | 24049 ||| DROPPING amulet of guardian spirit.
 24073 | Swamp:2  | 24073 ||| INVOKING Heroism.
 24076 | Swamp:2  | 24076 ||| SWAPPING to +12 flail of Modesty {vorpal, Will+
                  | Dex+2}.
 24082 | Swamp:2  | 24082 ||| SWAPPING to +5 vorpal broad axe.
 24226 | Swamp:2  | 24226 ||| Stepping ~*~*~tactically~*~*~ (hiding).
 24227 | Swamp:2  | 24227 ||| Stepping ~*~*~tactically~*~*~ (hiding).
 24228 | Swamp:2  | 24228 ||| INVOKING Heroism.
 24287 | Swamp:2  | 24287 ||| Stepping ~*~*~tactically~*~*~ (stealth).
 24288 | Swamp:2  | 24288 ||| FLEEEEING.
 24291 | Swamp:2  | 24291 ||| Stepping ~*~*~tactically~*~*~ (stealth).
 24292 | Swamp:2  | 24292 ||| INVOKING Heroism.
 24304 | Swamp:2  | Received a gift from Okawaru
 24343 | Swamp:2  | 24343 ||| READING scroll of enchant weapon.
 24343 | Swamp:2  | 24343 ||| ENCHANTING +5 vorpal broad axe.
 24356 | Swamp:2  | 24356 ||| INVOKING Heroism.
 24429 | Swamp:2  | 24429 ||| INVOKING Heroism.
 24565 | Swamp:3  | 24565 ||| STAIRDANCE
 24669 | Swamp:3  | 24669 ||| STAIRDANCE
 24687 | Swamp:3  | 24687 ||| STAIRDANCE
 24705 | Swamp:3  | Paralysed by a fenstrider witch for 5 turns
 24710 | Swamp:3  | 24710 ||| INVOKING Heroism.
 24711 | Swamp:3  | 24711 ||| SWAPPING to +12 flail of Modesty {vorpal, Will+
                  | Dex+2}.
 24712 | Swamp:3  | 24712 ||| Stepping ~*~*~tactically~*~*~ (outnumbered).
 24713 | Swamp:3  | 24713 ||| Stepping ~*~*~tactically~*~*~ (outnumbered).
 24714 | Swamp:3  | 24714 ||| Stepping ~*~*~tactically~*~*~ (outnumbered).
 24715 | Swamp:3  | 24715 ||| Stepping ~*~*~tactically~*~*~ (outnumbered).
 24716 | Swamp:3  | 24716 ||| Stepping ~*~*~tactically~*~*~ (outnumbered).
 24718 | Swamp:3  | HP: 22/110 [fenstrider witch (14)]
 24719 | Swamp:3  | 24719 ||| READING 11 scrolls of teleportation.
 24720 | Swamp:3  | 24720 ||| DRINKING 11 potions of heal wounds.
 24722 | Swamp:3  | 24722 ||| SWAPPING to +6 vorpal broad axe.
 24723 | Swamp:3  | 24723 ||| Stepping ~*~*~tactically~*~*~ (hiding).
 24737 | Swamp:3  | 24737 ||| Stepping ~*~*~tactically~*~*~ (hiding).
 24746 | Swamp:3  | 24746 ||| INVOKING Heroism.
 24751 | Swamp:3  | Received a gift from Okawaru
 24881 | Swamp:3  | Received a gift from Okawaru
 24979 | Swamp:3  | 24979 ||| READING scroll of enchant weapon.
 24979 | Swamp:3  | 24979 ||| ENCHANTING +6 vorpal broad axe.
 24996 | Swamp:3  | 24996 ||| Stepping ~*~*~tactically~*~*~ (stealth).
 25036 | Swamp:3  | 25036 ||| Stepping ~*~*~tactically~*~*~ (stealth).
 25073 | Swamp:3  | 25073 ||| INVOKING Heroism.
 25082 | Swamp:3  | 25082 ||| Stepping ~*~*~tactically~*~*~ (cloud).
 25167 | Swamp:3  | 25167 ||| PLANNING SPIDER:4
 25311 | Spider:4 | Entered Level 4 of the Spider Nest
 25334 | Spider:4 | 25334 ||| FLEEEEING.
 25335 | Spider:4 | 25335 ||| Stepping ~*~*~tactically~*~*~ (stealth).
 25336 | Spider:4 | 25336 ||| Stepping ~*~*~tactically~*~*~ (stealth).
 25339 | Spider:4 | 25339 ||| INVOKING Heroism.
 25374 | Spider:4 | 25374 ||| Stepping ~*~*~tactically~*~*~ (stealth).
 25411 | Spider:4 | 25411 ||| Stepping ~*~*~tactically~*~*~ (stealth).
 25412 | Spider:4 | 25412 ||| Stepping ~*~*~tactically~*~*~ (stealth).
 25467 | Spider:4 | 25467 ||| Stepping ~*~*~tactically~*~*~ (stealth).
 25492 | Spider:4 | 25492 ||| Stepping ~*~*~tactically~*~*~ (hiding).
 25497 | Spider:4 | 25497 ||| INVOKING Finesse.
 25502 | Spider:4 | Reached XP level 18. HP: 116/116 MP: 19/25
 25502 | Spider:4 | 25502 ||| DROPPING +0 morningstar.
 25503 | Spider:4 | 25503 ||| DROPPING +12 flail of Modesty {vorpal, Will+
                  | Dex+2}.
 25546 | Spider:4 | 25546 ||| INVOKING Finesse.
 25552 | Spider:4 | 25552 ||| READING 11 scrolls of teleportation.
 25553 | Spider:4 | 25553 ||| Stepping randomly (stuck).
 25556 | Spider:4 | 25556 ||| INVOKING Heroism.
 25602 | Spider:4 | 25602 ||| INVOKING Heroism.
 25605 | Spider:4 | Received a gift from Okawaru
 25614 | Spider:4 | Reached skill level 14 in Fighting
 25634 | Spider:4 | Reached skill level 18 in Shields
 25840 | Spider:4 | Noticed Mara
 25841 | Spider:4 | 25841 ||| Stepping ~*~*~tactically~*~*~ (hiding).
 25842 | Spider:4 | 25842 ||| INVOKING Heroism.
 25843 | Spider:4 | 25843 ||| INVOKING Finesse.
 25854 | Spider:4 | Killed Mara
 25854 | Spider:4 | Received a gift from Okawaru
 26004 | Spider:4 | 26004 ||| INVOKING Heroism.
 26051 | Spider:4 | 26051 ||| INVOKING Heroism.
 26065 | Spider:4 | Gained mutation: You are dopey. (Int -2) [mutagenic glow]
 26091 | Spider:4 | 26091 ||| Stepping ~*~*~tactically~*~*~ (hiding).
 26093 | Spider:4 | 26093 ||| INVOKING Heroism.
 26094 | Spider:4 | 26094 ||| INVOKING Finesse.
 26178 | Spider:4 | 26178 ||| Stepping ~*~*~tactically~*~*~ (stealth).
 26180 | Spider:4 | 26180 ||| Stepping ~*~*~tactically~*~*~ (hiding).
 26207 | Spider:4 | Identified Roxanne's Discourse on the Ground
 26207 | Spider:4 | Noticed Roxanne
 26208 | Spider:4 | 26208 ||| INVOKING Heroism.
 26209 | Spider:4 | 26209 ||| INVOKING Finesse.
 26219 | Spider:4 | Killed Roxanne
 26220 | Spider:4 | Reached skill level 12 in Armour
 26352 | Spider:4 | 26352 ||| Stepping ~*~*~tactically~*~*~ (hiding).
 26355 | Spider:4 | 26355 ||| INVOKING Finesse.
 26432 | Spider:4 | Got a gossamer rune of Zot
 26479 | Spider:4 | 26479 ||| Stepping ~*~*~tactically~*~*~ (stealth).
 26483 | Spider:4 | 26483 ||| INVOKING Finesse.
 26494 | Spider:4 | 26494 ||| UPGRADING to scarf of resistance.
 26514 | Spider:4 | 26514 ||| UPGRADING to scarf of resistance.
 26524 | Spider:4 | 26524 ||| DROPPING scarf of repulsion.
 26531 | Spider:4 | 26531 ||| PLANNING VAULTS:1-4
 26796 | Vaults:1 | Entered Level 1 of the Vaults
 26797 | Vaults:1 | 26797 ||| PLANNING WIZLAB
 26809 | Vaults:1 | 26809 ||| Stepping ~*~*~tactically~*~*~ (stealth).
 26811 | Vaults:1 | 26811 ||| Stepping ~*~*~tactically~*~*~ (stealth).
 26853 | Vaults:1 | 26853 ||| INVOKING Heroism.
 26892 | Vaults:1 | Paralysed by a great orb of eyes for 2 turns
 26982 | Vaults:1 | Paralysed by a great orb of eyes for 4 turns
 26989 | Vaults:1 | 26989 ||| DRINKING 10 potions of curing.
 26989 | Vaults:1 | 26989 ||| (to cure confusion)
 27022 | Vaults:1 | Found a magical portal.
 27023 | Vaults:1 | 27023 ||| DROPPING ring of resist corrosion.
 27032 | WizLab   | Entered Borgnjor's Mausoleum
 27052 | WizLab   | 27052 ||| INVOKING Heroism.
 27090 | WizLab   | Received a gift from Okawaru
 27095 | WizLab   | 27095 ||| INVOKING Heroism.
 27108 | WizLab   | Reached skill level 15 in Fighting
 27116 | WizLab   | HP: 27/119 [titan zombie (9)]
 27117 | WizLab   | 27117 ||| READING 11 scrolls of teleportation.
 27118 | WizLab   | 27118 ||| DRINKING 10 potions of heal wounds.
 27122 | WizLab   | 27122 ||| Stepping ~*~*~tactically~*~*~ (hiding).
 27127 | WizLab   | Identified the +0 plate armour "Tarue" {rN+++ Str-2 Int+9}
                  | (Okawaru gifted it to you in a wizard's laboratory)
 27127 | WizLab   | Received a gift from Okawaru
 27151 | WizLab   | 27151 ||| INVOKING Heroism.
 27159 | WizLab   | HP: 14/114 [halazid warlock/ghostly fireball (29)]
 27160 | WizLab   | 27160 ||| READING 10 scrolls of teleportation.
 27161 | WizLab   | 27161 ||| DRINKING 9 potions of heal wounds.
 27190 | WizLab   | 27190 ||| INVOKING Heroism.
 27238 | WizLab   | 27238 ||| Stepping ~*~*~tactically~*~*~ (stealth).
 27261 | WizLab   | 27261 ||| Stepping ~*~*~tactically~*~*~ (stealth).
 27263 | WizLab   | 27263 ||| Stepping ~*~*~tactically~*~*~ (hiding).
 27294 | WizLab   | 27294 ||| Stepping ~*~*~tactically~*~*~ (stealth).
 27338 | WizLab   | 27338 ||| INVOKING Heroism.
 27342 | WizLab   | Reached XP level 19. HP: 108/125 MP: 23/26
 27353 | WizLab   | 27353 ||| Stepping ~*~*~tactically~*~*~ (stealth).
 27376 | WizLab   | 27376 ||| Stepping ~*~*~tactically~*~*~ (hiding).
 27430 | WizLab   | 27430 ||| Stepping ~*~*~tactically~*~*~ (stealth).
 27448 | WizLab   | 27448 ||| Stepping ~*~*~tactically~*~*~ (hiding).
 27456 | WizLab   | 27456 ||| INVOKING Heroism.
 27473 | WizLab   | Reached skill level 16 in Fighting
 27473 | WizLab   | 27473 ||| Stepping ~*~*~tactically~*~*~ (hiding).
 27482 | WizLab   | 27482 ||| Stepping ~*~*~tactically~*~*~ (stealth).
 27548 | WizLab   | 27548 ||| Stepping ~*~*~tactically~*~*~ (hiding).
 27549 | WizLab   | 27549 ||| Stepping ~*~*~tactically~*~*~ (hiding).
 27578 | WizLab   | 27578 ||| Stepping ~*~*~tactically~*~*~ (stealth).
 27579 | WizLab   | 27579 ||| Stepping ~*~*~tactically~*~*~ (stealth).
 27592 | WizLab   | 27592 ||| Stepping ~*~*~tactically~*~*~ (stealth).
 27593 | WizLab   | 27593 ||| Stepping ~*~*~tactically~*~*~ (stealth).
 27683 | Vaults:1 | 27683 ||| PLANNING VAULTS:1-4
 27706 | Vaults:1 | 27706 ||| Stepping ~*~*~tactically~*~*~ (hiding).
 27724 | Vaults:1 | 27724 ||| INVOKING Heroism.
 27913 | Vaults:1 | Received a gift from Okawaru
 27915 | Vaults:1 | 27915 ||| SWAPPING to +2 vampiric broad axe.
 27940 | Vaults:1 | 27940 ||| Stepping ~*~*~tactically~*~*~ (stealth).
 27941 | Vaults:1 | 27941 ||| Stepping ~*~*~tactically~*~*~ (stealth).
 27947 | Vaults:1 | 27947 ||| Stepping ~*~*~tactically~*~*~ (stealth).
 27962 | Vaults:1 | 27962 ||| INVOKING Heroism.
 27986 | Vaults:1 | 27986 ||| INVOKING Finesse.
 28044 | Vaults:1 | 28044 ||| Stepping ~*~*~tactically~*~*~ (hiding).
 28157 | Vaults:1 | 28157 ||| READING scroll of enchant weapon.
 28157 | Vaults:1 | 28157 ||| ENCHANTING +2 vampiric broad axe.
 28301 | Vaults:1 | 28301 ||| INVOKING Heroism.
 28308 | Vaults:1 | 28308 ||| Stepping ~*~*~tactically~*~*~ (hiding).
 28336 | Vaults:1 | 28336 ||| Stepping ~*~*~tactically~*~*~ (hiding).
 28346 | Vaults:1 | 28346 ||| Stepping ~*~*~tactically~*~*~ (hiding).
 28355 | Vaults:1 | 28355 ||| Stepping ~*~*~tactically~*~*~ (hiding).
 28357 | Vaults:1 | 28357 ||| INVOKING Heroism.
 28877 | Vaults:2 | 28877 ||| Stepping ~*~*~tactically~*~*~ (stealth).
 28936 | Vaults:2 | 28936 ||| Stepping ~*~*~tactically~*~*~ (hiding).
 28946 | Vaults:2 | 28946 ||| INVOKING Heroism.
 28959 | Vaults:2 | Reached skill level 9 in Throwing
 28994 | Vaults:2 | 28994 ||| INVOKING Heroism.
 29007 | Vaults:2 | Identified the +1 tower shield of Chimes {*Slow rF+++ SInv
                  | Stlth-} (Okawaru gifted it to you on level 2 of the Vaults)
 29007 | Vaults:2 | Received a gift from Okawaru
 29015 | Vaults:2 | Reached skill level 17 in Fighting
 29036 | Vaults:2 | 29036 ||| Stepping ~*~*~tactically~*~*~ (hiding).
 29262 | Vaults:2 | Found Kuthua's Weapon Shoppe.
 29268 | Vaults:2 | 29268 ||| BUYING +5 broad axe of Upleyti {drain, rC+ Int+4}
                  | (655 gold).
 29268 | Vaults:2 | Bought the +5 broad axe of Upleyti {drain, rC+ Int+4} for
                  | 655 gold pieces
 29389 | Vaults:2 | 29389 ||| Stepping ~*~*~tactically~*~*~ (stealth).
 29391 | Vaults:2 | Reached skill level 6 in Dodging
 29453 | Vaults:2 | 29453 ||| Stepping ~*~*~tactically~*~*~ (hiding).
 29561 | Vaults:2 | 29561 ||| Stepping ~*~*~tactically~*~*~ (hiding).
 29607 | Vaults:2 | 29607 ||| FLEEEEING.
 29608 | Vaults:2 | 29608 ||| FLEEEEING.
 29609 | Vaults:2 | 29609 ||| FLEEEEING.
 29610 | Vaults:2 | 29610 ||| FLEEEEING.
 29611 | Vaults:2 | 29611 ||| FLEEEEING.
 29612 | Vaults:2 | 29612 ||| FLEEEEING.
 29613 | Vaults:2 | 29613 ||| FLEEEEING.
 29614 | Vaults:2 | 29614 ||| FLEEEEING.
 29615 | Vaults:2 | 29615 ||| FLEEEEING.
 29616 | Vaults:2 | 29616 ||| FLEEEEING.
 29617 | Vaults:2 | 29617 ||| FLEEEEING.
 29618 | Vaults:2 | 29618 ||| FLEEEEING.
 29619 | Vaults:2 | 29619 ||| FLEEEEING.
 29620 | Vaults:2 | 29620 ||| FLEEEEING.
 29621 | Vaults:2 | 29621 ||| FLEEEEING.
 29622 | Vaults:2 | 29622 ||| FLEEEEING.
 29623 | Vaults:2 | 29623 ||| FLEEEEING.
 29624 | Vaults:2 | 29624 ||| FLEEEEING.
 29625 | Vaults:2 | 29625 ||| FLEEEEING.
 29626 | Vaults:2 | 29626 ||| FLEEEEING.
 29627 | Vaults:2 | 29627 ||| FLEEEEING.
 29628 | Vaults:2 | 29628 ||| FLEEEEING.
 29629 | Vaults:2 | 29629 ||| FLEEEEING.
 29630 | Vaults:2 | 29630 ||| FLEEEEING.
 29631 | Vaults:2 | 29631 ||| FLEEEEING.
 29632 | Vaults:2 | 29632 ||| FLEEEEING.
 29633 | Vaults:2 | 29633 ||| FLEEEEING.
 29634 | Vaults:2 | 29634 ||| FLEEEEING.
 29635 | Vaults:2 | 29635 ||| FLEEEEING.
 29636 | Vaults:2 | 29636 ||| FLEEEEING.
 29638 | Vaults:2 | 29638 ||| FLEEEEING.
 29639 | Vaults:2 | 29639 ||| STAIRDANCE
 29741 | Vaults:1 | 29741 ||| UPGRADING to +1 tower shield of Chimes {*Slow
                  | rF+++ SInv Stlth-}.
 29751 | Vaults:1 | 29751 ||| UPGRADING to +1 cloak.
 29761 | Vaults:1 | 29761 ||| UPGRADING to +1 helmet "Zairhosi" {Str+2}.
 29771 | Vaults:1 | 29771 ||| UPGRADING to scarf of repulsion.
 29783 | Vaults:2 | 29783 ||| STAIRDANCE
 29893 | Vaults:2 | 29893 ||| STAIRDANCE
 29907 | Vaults:2 | 29907 ||| STAIRDANCE
 30023 | Vaults:2 | 30023 ||| STAIRDANCE
 30135 | Vaults:2 | 30135 ||| STAIRDANCE
 30151 | Vaults:2 | 30151 ||| STAIRDANCE
 30176 | Vaults:2 | 30176 ||| STAIRDANCE
 30227 | Vaults:2 | 30227 ||| Stepping ~*~*~tactically~*~*~ (hiding).
 30258 | Vaults:2 | Reached XP level 20. HP: 124/134 MP: 27/27
 30307 | Vaults:2 | 30307 ||| Stepping ~*~*~tactically~*~*~ (stealth).
 30360 | Vaults:2 | Found a staircase to the Crypt.
 30368 | Vaults:2 | 30368 ||| Stepping ~*~*~tactically~*~*~ (hiding).
 30479 | Vaults:2 | 30479 ||| Stepping ~*~*~tactically~*~*~ (stealth).
 30638 | Vaults:3 | 30638 ||| STAIRDANCE
 30750 | Vaults:3 | 30750 ||| STAIRDANCE
 31030 | Vaults:3 | 31030 ||| INVOKING Heroism.
 31072 | Vaults:3 | Received a gift from Okawaru
 31095 | Vaults:3 | Reached skill level 18 in Fighting
 31106 | Vaults:3 | 31106 ||| INVOKING Heroism.
 31107 | Vaults:3 | 31107 ||| INVOKING Finesse.
 31117 | Vaults:3 | Received a gift from Okawaru
 31718 | Vaults:3 | 31718 ||| INVOKING Heroism.
 31722 | Abyss:3  | Cast into level 3 of the Abyss (a wizard)
 31758 | Abyss:3  | 31758 ||| Stepping ~*~*~tactically~*~*~ (hiding).
 31760 | Abyss:3  | 31760 ||| Stepping ~*~*~tactically~*~*~ (hiding).
 31766 | Abyss:3  | 31766 ||| Stepping ~*~*~tactically~*~*~ (hiding).
 31767 | Abyss:3  | 31767 ||| Stepping ~*~*~tactically~*~*~ (hiding).
 31784 | Abyss:3  | 31784 ||| INVOKING Heroism.
 31808 | Abyss:3  | 31808 ||| Stepping ~*~*~tactically~*~*~ (stealth).
 31810 | Abyss:3  | 31810 ||| Stepping ~*~*~tactically~*~*~ (hiding).
 31813 | Abyss:3  | Received a gift from Okawaru
 31816 | Abyss:3  | 31816 ||| Stepping ~*~*~tactically~*~*~ (stealth).
 31827 | Abyss:3  | 31827 ||| DROPPING +2 vampiric broad axe.
 31834 | Abyss:3  | 31834 ||| Stepping ~*~*~tactically~*~*~ (stealth).
 31870 | Abyss:3  | 31870 ||| Stepping ~*~*~tactically~*~*~ (hiding).
 31891 | Abyss:3  | 31891 ||| INVOKING Heroism.
 31931 | Abyss:3  | 31931 ||| Stepping ~*~*~tactically~*~*~ (stealth).
 31947 | Abyss:3  | 31947 ||| Stepping ~*~*~tactically~*~*~ (stealth).
 31961 | Abyss:3  | 31961 ||| Stepping ~*~*~tactically~*~*~ (stealth).
 31963 | Abyss:3  | 31963 ||| Stepping ~*~*~tactically~*~*~ (hiding).
 31965 | Abyss:3  | 31965 ||| Stepping randomly (cloudy).
 31969 | Abyss:3  | 31969 ||| Stepping ~*~*~tactically~*~*~ (cloud).
 31972 | Abyss:3  | 31972 ||| Stepping ~*~*~tactically~*~*~ (hiding).
 31974 | Abyss:3  | 31974 ||| INVOKING Heroism.
 31998 | Abyss:3  | Paralysed by accursed screaming for 1 turns
 32044 | Abyss:3  | 32044 ||| Stepping ~*~*~tactically~*~*~ (stealth).
 32093 | Abyss:3  | 32093 ||| DRINKING 10 potions of curing.
 32093 | Abyss:3  | 32093 ||| (to cure confusion)
 32095 | Abyss:3  | 32095 ||| INVOKING Heroism.
 32096 | Abyss:3  | 32096 ||| DRINKING 9 potions of curing.
 32096 | Abyss:3  | 32096 ||| (to cure confusion)
 32099 | Abyss:3  | 32099 ||| DRINKING 8 potions of curing.
 32099 | Abyss:3  | 32099 ||| (to cure confusion)
 32104 | Abyss:3  | 32104 ||| DRINKING 7 potions of curing.
 32104 | Abyss:3  | 32104 ||| (to cure confusion)
 32126 | Abyss:3  | 32126 ||| Stepping ~*~*~tactically~*~*~ (stealth).
 32132 | Abyss:3  | 32132 ||| INVOKING Heroism.
 32188 | Abyss:3  | 32188 ||| Stepping ~*~*~tactically~*~*~ (stealth).
 32193 | Abyss:3  | 32193 ||| Stepping ~*~*~tactically~*~*~ (stealth).
 32195 | Abyss:3  | Noticed a Brimstone Fiend
 32195 | Abyss:3  | 32195 ||| INVOKING Heroism.
 32196 | Abyss:3  | 32196 ||| INVOKING Finesse.
 32210 | Vaults:3 | Escaped the Abyss
 32211 | Vaults:3 | 32211 ||| DRINKING 6 potions of curing.
 32211 | Vaults:3 | 32211 ||| (to cure confusion)
 32389 | Vaults:3 | 32389 ||| Stepping ~*~*~tactically~*~*~ (stealth).
 32849 | Vaults:4 | 32849 ||| INVOKING Heroism.
 32869 | Vaults:4 | Received a gift from Okawaru
 32915 | Vaults:4 | 32915 ||| Stepping ~*~*~tactically~*~*~ (hiding).
 32929 | Vaults:4 | 32929 ||| INVOKING Heroism.
 32945 | Vaults:4 | Received a gift from Okawaru
 32962 | Vaults:4 | 32962 ||| INVOKING Heroism.
 33139 | Vaults:4 | Reached skill level 15 in Armour
 33142 | Vaults:4 | 33142 ||| Stepping ~*~*~tactically~*~*~ (hiding).
 33143 | Vaults:4 | 33143 ||| Stepping ~*~*~tactically~*~*~ (hiding).
 33246 | Vaults:4 | 33246 ||| INVOKING Heroism.
 33347 | Vaults:4 | 33347 ||| INVOKING Heroism.
 33391 | Vaults:4 | 33391 ||| INVOKING Heroism.
 33403 | Vaults:4 | Received a gift from Okawaru
 33409 | Vaults:4 | Reached XP level 21. HP: 142/142 MP: 28/28
 33449 | Vaults:4 | Reached ****** piety under Okawaru
 33468 | Vaults:4 | 33468 ||| INVOKING Heroism.
 33515 | Vaults:4 | 33515 ||| Stepping ~*~*~tactically~*~*~ (hiding).
 33516 | Vaults:4 | 33516 ||| Stepping ~*~*~tactically~*~*~ (hiding).
 33523 | Vaults:4 | 33523 ||| INVOKING Heroism.
 33535 | Vaults:4 | Reached skill level 19 in Fighting
 33629 | Vaults:4 | 33629 ||| INVOKING Heroism.
 33640 | Vaults:4 | 33640 ||| Stepping ~*~*~tactically~*~*~ (hiding).
 33641 | Vaults:4 | 33641 ||| Stepping ~*~*~tactically~*~*~ (hiding).
 33642 | Vaults:4 | 33642 ||| Stepping ~*~*~tactically~*~*~ (hiding).
 33942 | Vaults:4 | 33942 ||| Stepping ~*~*~tactically~*~*~ (stealth).
 33946 | Vaults:4 | 33946 ||| INVOKING Heroism.
 33988 | Vaults:4 | 33988 ||| Stepping ~*~*~tactically~*~*~ (hiding).
 34003 | Vaults:4 | 34003 ||| FLEEEEING.
 34004 | Vaults:4 | 34004 ||| FLEEEEING.
 34005 | Vaults:4 | 34005 ||| FLEEEEING.
 34009 | Vaults:4 | 34009 ||| FLEEEEING.
 34010 | Vaults:4 | 34010 ||| FLEEEEING.
 34011 | Vaults:4 | 34011 ||| FLEEEEING.
 34014 | Vaults:4 | 34014 ||| FLEEEEING.
 34015 | Vaults:4 | 34015 ||| FLEEEEING.
 34017 | Vaults:4 | 34017 ||| FLEEEEING.
 34018 | Vaults:4 | 34018 ||| FLEEEEING.
 34019 | Vaults:4 | 34019 ||| FLEEEEING.
 34020 | Vaults:4 | 34020 ||| FLEEEEING.
 34032 | Vaults:4 | 34032 ||| Stepping ~*~*~tactically~*~*~ (stealth).
 34036 | Vaults:4 | 34036 ||| INVOKING Heroism.
 34049 | Vaults:4 | 34049 ||| Stepping ~*~*~tactically~*~*~ (stealth).
 34096 | Vaults:4 | Found a transporter.
 34096 | Vaults:4 | Found a transporter.
 34098 | Vaults:4 | Noticed Sianeop's ghost (adept GrFi)
 34099 | Vaults:4 | Found a bloodstained altar of Trog.
 34099 | Vaults:4 | Found the +3 robe of Clouds {*Thunder rCloud rElec}
 34383 | Vaults:4 | 34383 ||| PLANNING SWAMP:4
 34750 | Swamp:4  | Entered Level 4 of the Swamp
 34916 | Swamp:4  | Noticed Bai Suzhen
 34919 | Swamp:4  | 34919 ||| INVOKING Heroism.
 34935 | Swamp:4  | Received a gift from Okawaru
 34936 | Swamp:4  | Killed Bai Suzhen
 34949 | Swamp:4  | 34949 ||| Stepping ~*~*~tactically~*~*~ (hiding).
 34951 | Swamp:4  | 34951 ||| INVOKING Heroism.
 34983 | Swamp:4  | Received a gift from Okawaru
 35030 | Swamp:4  | 35030 ||| INVOKING Heroism.
 35121 | Swamp:4  | Got a decaying rune of Zot
 35174 | Swamp:4  | 35174 ||| Stepping ~*~*~tactically~*~*~ (hiding).
 35372 | Swamp:4  | 35372 ||| PLANNING DEPTHS
 35372 | Swamp:4  | 35372 ||| DROPPING +2 hat of willpower.
 35604 | Depths:1 | Entered Level 1 of the Depths
 35605 | Depths:1 | Found Otoaretu's Antique Armour Boutique.
 35635 | Depths:1 | 35635 ||| INVOKING Heroism.
 35636 | Depths:1 | 35636 ||| INVOKING Finesse.
 35700 | Depths:1 | 35700 ||| INVOKING Heroism.
 35751 | Depths:1 | Reached skill level 20 in Fighting
 35834 | Depths:1 | 35834 ||| INVOKING Heroism.
 35835 | Depths:1 | 35835 ||| INVOKING Finesse.
 35883 | Depths:1 | 35883 ||| Stepping ~*~*~tactically~*~*~ (stealth).
 35884 | Depths:1 | 35884 ||| INVOKING Heroism.
 35915 | Depths:1 | 35915 ||| Stepping ~*~*~tactically~*~*~ (hiding).
 36026 | Depths:1 | 36026 ||| READING scroll of enchant weapon.
 36026 | Depths:1 | 36026 ||| ENCHANTING +3 vampiric broad axe.
 36027 | Depths:1 | 36027 ||| DROPPING +7 vorpal broad axe.
 36052 | Depths:1 | 36052 ||| INVOKING Heroism.
 36108 | Depths:1 | 36108 ||| INVOKING Heroism.
 36130 | Depths:1 | Reached XP level 22. HP: 96/152 MP: 29/29
 36130 | Depths:1 | Paralysed by a floating eye for 3 turns
 36223 | Depths:1 | 36223 ||| READING scroll of enchant weapon.
 36223 | Depths:1 | 36223 ||| ENCHANTING +4 vampiric broad axe.
 36262 | Depths:1 | Found a one-way gate to the infinite horrors of the Abyss.
 36308 | Depths:1 | Found a gateway to Hell.
 36346 | Depths:1 | 36346 ||| INVOKING Heroism.
 36384 | Depths:1 | Reached skill level 21 in Shields
 36544 | Depths:1 | 36544 ||| SHOPLISTING shiny crystal plate armour (3237
                  | gold, have 1205).
 36637 | Depths:1 | 36637 ||| Stepping ~*~*~tactically~*~*~ (hiding).
 36696 | Depths:1 | 36696 ||| INVOKING Heroism.
 36833 | Depths:1 | Found a burning altar of Makhleb.
 36834 | Depths:1 | 36834 ||| INVOKING Heroism.
 36835 | Depths:1 | 36835 ||| INVOKING Finesse.
 36848 | Depths:1 | Found a burning altar of Makhleb.
 36848 | Depths:1 | Found the +14 obsidian axe {vorpal, Mesm Drain Fly SInv}
 36862 | Depths:1 | Gained mutation: You are occasionally teleported next to
                  | monsters. [a neqoxec]
 36894 | Depths:1 | 36894 ||| DRINKING 7 potions of mutation.
 36894 | Depths:1 | Lost mutation: You are dopey. (Int -2) [potion of mutation]
 36894 | Depths:1 | Lost mutation: You are occasionally teleported next to
                  | monsters. [potion of mutation]
 36894 | Depths:1 | Gained mutation: You possess an exceptional clarity of
                  | mind. [potion of mutation]
 36894 | Depths:1 | Gained mutation: Your muscles are strong. (Str +4, Int/Dex
                  | -1) [potion of mutation]
 36894 | Depths:1 | Gained mutation: You have a somewhat thin skeletal
                  | structure. (Dex +2, Stealth+) [potion of mutation]
 37049 | Depths:2 | 37049 ||| INVOKING Heroism.
 37050 | Depths:2 | 37050 ||| INVOKING Finesse.
 37156 | Depths:2 | Identified the ring "Eluuv" {rPois Str+6 Int-4 Dex+2}
 37184 | Depths:2 | 37184 ||| INVOKING Finesse.
 37186 | Depths:2 | 37186 ||| INVOKING Heroism.
 37236 | Depths:2 | Received a gift from Okawaru
 37307 | Depths:2 | Reached skill level 9 in Dodging
 37344 | Depths:2 | 37344 ||| INVOKING Heroism.
 37345 | Depths:2 | 37345 ||| INVOKING Finesse.
 37354 | Depths:2 | Received a gift from Okawaru
 37524 | Depths:2 | 37524 ||| FLEEEEING.
 37525 | Depths:2 | 37525 ||| FLEEEEING.
 37526 | Depths:2 | 37526 ||| FLEEEEING.
 37527 | Depths:2 | 37527 ||| FLEEEEING.
 37528 | Depths:2 | 37528 ||| FLEEEEING.
 37529 | Depths:2 | 37529 ||| FLEEEEING.
 37530 | Depths:2 | 37530 ||| FLEEEEING.
 37531 | Depths:2 | 37531 ||| FLEEEEING.
 37532 | Depths:2 | 37532 ||| FLEEEEING.
 37533 | Depths:2 | 37533 ||| FLEEEEING.
 37535 | Depths:2 | 37535 ||| INVOKING Heroism.
 37544 | Depths:2 | 37544 ||| INVOKING Finesse.
 37559 | Depths:2 | 37559 ||| Stepping ~*~*~tactically~*~*~ (hiding).
 37755 | Depths:2 | Found a one-way gate leading to the halls of Pandemonium.
 37756 | Depths:2 | 37756 ||| INVOKING Heroism.
 37860 | Depths:2 | 37860 ||| UPGRADING to ring "Eluuv" {rPois Str+6 Int-4
                  | Dex+2}.
 37862 | Depths:2 | 37862 ||| DROPPING +4 ring of protection.
 37870 | Depths:2 | 37870 ||| INVOKING Heroism.
 37871 | Depths:2 | 37871 ||| INVOKING Finesse.
 37955 | Depths:2 | 37955 ||| INVOKING Heroism.
 37956 | Depths:2 | 37956 ||| INVOKING Finesse.
 38047 | Depths:2 | Found a runed translucent gate.
 38049 | Depths:2 | Noticed Janeylunn's ghost (veteran GnWn)
 38050 | Depths:2 | Found a runed translucent gate.
 38051 | Depths:2 | Found a runed translucent gate.
 38082 | Depths:2 | 38082 ||| Stepping ~*~*~tactically~*~*~ (hiding).
 38086 | Depths:2 | 38086 ||| INVOKING Heroism.
 38087 | Depths:2 | 38087 ||| INVOKING Finesse.
 38365 | Depths:2 | 38365 ||| Stepping ~*~*~tactically~*~*~ (hiding).
 38465 | Depths:3 | 38465 ||| INVOKING Heroism.
 38482 | Depths:3 | 38482 ||| READING 11 scrolls of teleportation.
 38490 | Depths:3 | 38490 ||| INVOKING Heroism.
 38516 | Depths:3 | 38516 ||| INVOKING Finesse.
 38518 | Depths:3 | 38518 ||| Stepping ~*~*~tactically~*~*~ (hiding).
 38573 | Depths:3 | Found a one-way gateway to a ziggurat.
 38574 | Depths:3 | 38574 ||| ZAPPING wand of digging (15).
 38575 | Depths:3 | 38575 ||| Stepping ~*~*~tactically~*~*~ (hiding).
 38585 | Depths:3 | 38585 ||| INVOKING Heroism.
 38586 | Depths:3 | 38586 ||| INVOKING Finesse.
 38798 | Depths:3 | 38798 ||| INVOKING Heroism.
 38801 | Depths:3 | Reached skill level 21 in Fighting
 39209 | Depths:3 | 39209 ||| Stepping ~*~*~tactically~*~*~ (hiding).
 39265 | Depths:3 | Received a gift from Okawaru
 39266 | Depths:3 | 39266 ||| Stepping ~*~*~tactically~*~*~ (hiding).
 39367 | Depths:3 | 39367 ||| Stepping ~*~*~tactically~*~*~ (stealth).
 39399 | Depths:3 | 39399 ||| Stepping ~*~*~tactically~*~*~ (hiding).
 39446 | Depths:3 | 39446 ||| INVOKING Heroism.
 39447 | Depths:3 | 39447 ||| INVOKING Finesse.
 39468 | Depths:3 | 39468 ||| INVOKING Heroism.
 39551 | Depths:3 | 39551 ||| Stepping ~*~*~tactically~*~*~ (hiding).
 39555 | Depths:3 | 39555 ||| INVOKING Heroism.
 39598 | Depths:3 | 39598 ||| INVOKING Heroism.
 39631 | Depths:3 | 39631 ||| Stepping ~*~*~tactically~*~*~ (hiding).
 39636 | Depths:3 | 39636 ||| INVOKING Heroism.
 39648 | Depths:3 | HP: 38/155 [living spell/divine providence[a walking divine
                  | tome] (11)]
 39649 | Depths:3 | 39649 ||| READING 10 scrolls of teleportation.
 39649 | Depths:3 | HP: 12/155 [living spell/divine providence[a walking divine
                  | tome] (12)]
 39650 | Depths:3 | 39650 ||| DRINKING 10 potions of heal wounds.
 39651 | Depths:3 | 39651 ||| DRINKING 9 potions of heal wounds.
 39793 | Depths:3 | Received a gift from Okawaru
 39909 | Depths:3 | 39909 ||| Stepping ~*~*~tactically~*~*~ (hiding).
 39912 | Depths:3 | 39912 ||| INVOKING Heroism.
 40231 | Depths:3 | Paralysed by a vampire knight for 3 turns
 40239 | Depths:3 | Paralysed by a vampire knight for 3 turns
 40478 | Depths:3 | Reached XP level 23. HP: 160/160 MP: 30/30
 40490 | Depths:3 | Reached skill level 12 in Throwing
 40492 | Depths:3 | 40492 ||| INVOKING Heroism.
 40508 | Depths:3 | 40508 ||| INVOKING Heroism.
 40686 | Depths:4 | Entered Level 4 of the Depths
 40688 | Depths:4 | 40688 ||| INVOKING Heroism.
 40713 | Depths:4 | 40713 ||| INVOKING Finesse.
 40738 | Depths:4 | 40738 ||| INVOKING Heroism.
 40823 | Depths:4 | 40823 ||| Stepping ~*~*~tactically~*~*~ (hiding).
 40831 | Depths:4 | 40831 ||| INVOKING Heroism.
 40882 | Depths:4 | 40882 ||| INVOKING Heroism.
 40890 | Depths:4 | Received a gift from Okawaru
 40901 | Depths:4 | Reached skill level 22 in Fighting
 40918 | Depths:4 | 40918 ||| INVOKING Heroism.
 40921 | Depths:4 | 40921 ||| Stepping ~*~*~tactically~*~*~ (hiding).
 40941 | Depths:4 | Received a gift from Okawaru
 41099 | Depths:4 | 41099 ||| Stepping ~*~*~tactically~*~*~ (hiding).
 41107 | Depths:4 | 41107 ||| INVOKING Heroism.
 41108 | Depths:4 | 41108 ||| INVOKING Finesse.
 41261 | Depths:4 | 41261 ||| INVOKING Heroism.
 41383 | Depths:4 | Found a gate to the Realm of Zot.
 41383 | Depths:4 | Noticed a golden dragon
 41383 | Depths:4 | Noticed a golden dragon
 41384 | Depths:4 | 41384 ||| INVOKING Heroism.
 41385 | Depths:4 | 41385 ||| INVOKING Finesse.
 41404 | Depths:4 | Killed a golden dragon
 41416 | Depths:4 | Killed a golden dragon
 41452 | Depths:4 | 41452 ||| Stepping ~*~*~tactically~*~*~ (hiding).
 41453 | Depths:4 | 41453 ||| INVOKING Heroism.
 41524 | Depths:4 | 41524 ||| INVOKING Heroism.
 41525 | Depths:4 | 41525 ||| INVOKING Finesse.
 41545 | Depths:4 | Reached skill level 18 in Armour
 41598 | Depths:4 | 41598 ||| INVOKING Heroism.
 41805 | Depths:4 | 41805 ||| PLANNING VAULTS:5
 42110 | Vaults:5 | Entered Level 5 of the Vaults
 42111 | Vaults:5 | 42111 ||| INVOKING Heroism.
 42111 | Vaults:5 | Noticed a golden dragon
 42112 | Vaults:5 | 42112 ||| STAIRDANCE
 42137 | Vaults:5 | 42137 ||| STAIRDANCE
 42158 | Vaults:5 | 42158 ||| STAIRDANCE
 42160 | Vaults:4 | 42160 ||| INVOKING Finesse.
 42166 | Vaults:4 | Received a gift from Okawaru
 42198 | Vaults:5 | 42198 ||| STAIRDANCE
 42217 | Vaults:5 | 42217 ||| STAIRDANCE
 42230 | Vaults:5 | 42230 ||| INVOKING Heroism.
 42240 | Vaults:5 | Killed a golden dragon
 42241 | Vaults:5 | 42241 ||| INVOKING Finesse.
 42309 | Vaults:5 | 42309 ||| INVOKING Heroism.
 42372 | Vaults:5 | 42372 ||| INVOKING Heroism.
 42385 | Vaults:5 | 42385 ||| Stepping ~*~*~tactically~*~*~ (stealth).
 42386 | Vaults:5 | 42386 ||| Stepping ~*~*~tactically~*~*~ (stealth).
 42412 | Vaults:5 | 42412 ||| INVOKING Heroism.
 42414 | Vaults:5 | 42414 ||| INVOKING Finesse.
 42468 | Vaults:5 | 42468 ||| READING scroll of acquirement.
 42468 | Vaults:5 | 42468 ||| ACQUIRING +9 broad axe of Infinity {venom, +Blink
                  | rC- rN+ Int+2}
 42468 | Vaults:5 | Acquired the +9 broad axe of Infinity {venom, +Blink rC-
                  | rN+ Int+2}
 42523 | Vaults:5 | 42523 ||| INVOKING Heroism.
 42528 | Vaults:5 | 42528 ||| INVOKING Finesse.
 42536 | Vaults:5 | Reached XP level 24. HP: 166/167 MP: 24/30
 42548 | Vaults:5 | Gained mutation: You have a beak for a mouth. [a cacodemon]
 42551 | Vaults:5 | Received a gift from Okawaru
 42573 | Vaults:5 | Noticed an ancient lich
 42574 | Vaults:5 | 42574 ||| INVOKING Finesse.
 42584 | Vaults:5 | Killed an ancient lich
 42593 | Vaults:5 | 42593 ||| INVOKING Heroism.
 42613 | Vaults:5 | 42613 ||| Stepping ~*~*~tactically~*~*~ (stealth).
 42631 | Vaults:5 | 42631 ||| INVOKING Heroism.
 42669 | Vaults:5 | 42669 ||| Stepping ~*~*~tactically~*~*~ (hiding).
 42673 | Vaults:5 | 42673 ||| INVOKING Heroism.
 42680 | Vaults:5 | Received a gift from Okawaru
 42766 | Vaults:5 | 42766 ||| Stepping ~*~*~tactically~*~*~ (hiding).
 42810 | Vaults:5 | Identified the amulet "Fauhog" {Acrobat rC+++ Will- Slay+4}
 42811 | Vaults:5 | 42811 ||| Stepping ~*~*~tactically~*~*~ (hiding).
 42841 | Vaults:5 | 42841 ||| INVOKING Heroism.
 42906 | Vaults:5 | Got a silver rune of Zot
 42927 | Vaults:5 | 42927 ||| Stepping ~*~*~tactically~*~*~ (hiding).
 42929 | Vaults:5 | 42929 ||| Stepping ~*~*~tactically~*~*~ (hiding).
 42942 | Vaults:5 | Reached skill level 23 in Fighting
 42942 | Vaults:5 | Noticed an ancient lich
 42943 | Vaults:5 | 42943 ||| INVOKING Heroism.
 42944 | Vaults:5 | 42944 ||| INVOKING Finesse.
 42949 | Vaults:5 | Killed an ancient lich
 42949 | Vaults:5 | Received a gift from Okawaru
 43068 | Vaults:5 | 43068 ||| INVOKING Heroism.
 43083 | Vaults:5 | Identified the +10 trident "Wurchiuli" {flame, rPois Str+3}
 43084 | Vaults:5 | Identified the +8 trident of Lonousy {vorpal, rCorr Str-5
                  | Dex+2}
 43084 | Vaults:5 | Identified the amulet of Vucaen {Acrobat Fly rElec}
 43102 | Vaults:5 | Received a gift from Okawaru
 43225 | Vaults:5 | 43225 ||| INVOKING Heroism.
 43237 | Vaults:5 | 43237 ||| Stepping ~*~*~tactically~*~*~ (hiding).
 43244 | Vaults:5 | Noticed an ancient lich
 43245 | Vaults:5 | 43245 ||| INVOKING Finesse.
 43251 | Vaults:5 | 43251 ||| INVOKING Heroism.
 43253 | Vaults:5 | Killed an ancient lich
 43259 | Vaults:5 | Noticed a dread lich
 43263 | Vaults:5 | Killed a dread lich
 43268 | Vaults:5 | Noticed an ancient lich
 43282 | Vaults:5 | Killed an ancient lich
 43304 | Vaults:5 | 43304 ||| Stepping ~*~*~tactically~*~*~ (stealth).
 43306 | Vaults:5 | 43306 ||| Stepping ~*~*~tactically~*~*~ (hiding).
 43373 | Vaults:5 | Received a gift from Okawaru
 43481 | Vaults:5 | 43481 ||| INVOKING Heroism.
 43534 | Vaults:5 | Identified the ring of Intercession {+Blink Dex+6}
 43704 | Vaults:5 | Identified the +2 robe "Bogrupn" {rF++ Str+3 Dex-5}
 43712 | Vaults:5 | Identified the +1 broad axe of Kigrad {holy, rCorr Dex+4}
                  | (Okawaru gifted it to you on level 5 of the Vaults)
 43712 | Vaults:5 | Received a gift from Okawaru
 43714 | Vaults:5 | 43714 ||| DROPPING +9 broad axe of Infinity {venom, +Blink
                  | rC- rN+ Int+2}.
 43715 | Vaults:5 | 43715 ||| DROPPING +5 broad axe of Upleyti {drain, rC+
                  | Int+4}.
 43716 | Vaults:5 | 43716 ||| DROPPING +14 obsidian axe {vorpal, Mesm Drain Fly
                  | SInv}.
 43746 | Vaults:5 | 43746 ||| Stepping ~*~*~tactically~*~*~ (hiding).
 43752 | Vaults:5 | 43752 ||| INVOKING Heroism.
 43758 | Vaults:5 | Reached skill level 24 in Fighting
 43949 | Vaults:5 | 43949 ||| PLANNING SHOPPING SPREE
 43949 | Vaults:5 | 43949 ||| DROPPING scarf of resistance.
 43950 | Vaults:5 | 43950 ||| DROPPING +1 helmet "Zairhosi" {Str+2}.
 43951 | Vaults:5 | 43951 ||| DROPPING +2 helmet of see invisible.
 43952 | Vaults:5 | 43952 ||| UPGRADING to amulet "Fauhog" {Acrobat rC+++ Will-
                  | Slay+4}.
 43962 | Vaults:5 | 43962 ||| DROPPING ring of Intercession {+Blink Dex+6}.
 44011 | Vaults:5 | 44011 ||| Stepping ~*~*~tactically~*~*~ (stealth).
 44015 | Vaults:5 | 44015 ||| INVOKING Heroism.
 44018 | Vaults:5 | Identified the ring of Modesty {rC++ rN+ Will+ Str-2 SInv}
 44293 | D:10     | 44293 ||| BUYING scroll of brand weapon (114 gold).
 44293 | D:10     | Bought a scroll of brand weapon for 114 gold pieces
 44293 | D:10     | 44293 ||| BUYING scroll of enchant weapon (90 gold).
 44293 | D:10     | Bought a scroll of enchant weapon for 90 gold pieces
 44293 | D:10     | 44293 ||| READING scroll of enchant weapon.
 44293 | D:10     | 44293 ||| ENCHANTING +5 vampiric broad axe.
 44356 | D:10     | 44356 ||| BUYING pair of glowing gloves (195 gold).
 44356 | D:10     | Bought a pair of glowing gloves for 195 gold pieces
 44356 | D:10     | 44356 ||| DROPPING +0 pair of gloves of dexterity.
 44568 | Orc:2    | 44568 ||| BUYING scroll of acquirement (624 gold).
 44568 | Orc:2    | Bought a scroll of acquirement for 624 gold pieces
 44568 | Orc:2    | 44568 ||| READING scroll of acquirement.
 44568 | Orc:2    | 44568 ||| ACQUIRING ring of Ymaj {rF+ Slay+4}
 44568 | Orc:2    | Acquired the ring of Ymaj {rF+ Slay+4}
 44570 | Orc:2    | 44570 ||| CLEARING SHOPPING LIST
 44570 | Orc:2    | 44570 ||| PLANNING ZOT
 44570 | Orc:2    | 44570 ||| READING 11 scrolls of teleportation.
 44830 | Zot:1    | Entered Level 1 of the Realm of Zot
 44832 | Zot:1    | 44832 ||| INVOKING Heroism.
 45187 | Zot:1    | 45187 ||| Stepping ~*~*~tactically~*~*~ (hiding).
 45192 | Zot:1    | 45192 ||| INVOKING Heroism.
 45218 | Zot:1    | 45218 ||| Stepping ~*~*~tactically~*~*~ (hiding).
 45228 | Zot:1    | 45228 ||| INVOKING Heroism.
 45230 | Zot:1    | 45230 ||| Stepping ~*~*~tactically~*~*~ (hiding).
 45235 | Zot:1    | 45235 ||| Stepping ~*~*~tactically~*~*~ (hiding).
 45248 | Zot:1    | 45248 ||| Stepping ~*~*~tactically~*~*~ (hiding).
 45272 | Zot:1    | 45272 ||| Stepping ~*~*~tactically~*~*~ (hiding).
 45304 | Zot:1    | 45304 ||| DROPPING +1 cloak.
 45305 | Zot:1    | 45305 ||| READING 11 scrolls of teleportation.
 45500 | Zot:1    | Reached XP level 25. HP: 175/180 MP: 30/30
 45507 | Zot:1    | Received a gift from Okawaru
 45674 | Zot:2    | 45674 ||| INVOKING Heroism.
 45677 | Zot:2    | 45677 ||| STAIRDANCE
 45703 | Zot:2    | 45703 ||| Stepping ~*~*~tactically~*~*~ (stealth).
 45707 | Zot:2    | 45707 ||| Stepping ~*~*~tactically~*~*~ (stealth).
 45728 | Zot:2    | Received a gift from Okawaru
 45853 | Zot:2    | 45853 ||| INVOKING Heroism.
 45883 | Zot:2    | Reached skill level 25 in Fighting
 45916 | Zot:2    | 45916 ||| Stepping ~*~*~tactically~*~*~ (hiding).
 46231 | Zot:2    | 46231 ||| Stepping ~*~*~tactically~*~*~ (hiding).
 46234 | Zot:2    | 46234 ||| INVOKING Heroism.
 46242 | Zot:2    | 46242 ||| Stepping ~*~*~tactically~*~*~ (hiding).
 46243 | Zot:2    | 46243 ||| Stepping ~*~*~tactically~*~*~ (hiding).
 46314 | Zot:2    | 46314 ||| Stepping ~*~*~tactically~*~*~ (hiding).
 46327 | Zot:2    | Received a gift from Okawaru
 46328 | Zot:2    | 46328 ||| Stepping ~*~*~tactically~*~*~ (hiding).
 46549 | Zot:3    | 46549 ||| Stepping ~*~*~tactically~*~*~ (stealth).
 46619 | Zot:3    | 46619 ||| INVOKING Heroism.
 46628 | Zot:3    | 46628 ||| Stepping ~*~*~tactically~*~*~ (hiding).
 46824 | Zot:3    | 46824 ||| Stepping ~*~*~tactically~*~*~ (stealth).
 46831 | Zot:3    | 46831 ||| Stepping ~*~*~tactically~*~*~ (stealth).
 46878 | Zot:3    | 46878 ||| Stepping ~*~*~tactically~*~*~ (hiding).
 46880 | Zot:3    | 46880 ||| Stepping ~*~*~tactically~*~*~ (hiding).
 46895 | Zot:3    | 46895 ||| Stepping ~*~*~tactically~*~*~ (hiding).
 46896 | Zot:3    | Noticed a Killer Klown
 46897 | Zot:3    | 46897 ||| Stepping ~*~*~tactically~*~*~ (hiding).
 46899 | Zot:3    | 46899 ||| INVOKING Heroism.
 46900 | Zot:3    | 46900 ||| INVOKING Finesse.
 46906 | Zot:3    | Killed a Killer Klown
 46938 | Zot:3    | Received a gift from Okawaru
 46939 | Zot:3    | 46939 ||| Stepping ~*~*~tactically~*~*~ (hiding).
 46941 | Zot:3    | 46941 ||| Stepping ~*~*~tactically~*~*~ (hiding).
 46956 | Zot:3    | Noticed a Killer Klown
 46957 | Zot:3    | 46957 ||| INVOKING Heroism.
 46959 | Zot:3    | 46959 ||| INVOKING Finesse.
 46970 | Zot:3    | Killed a Killer Klown
 46971 | Zot:3    | 46971 ||| Stepping ~*~*~tactically~*~*~ (hiding).
 46977 | Zot:3    | Reached skill level 12 in Dodging
 47003 | Zot:3    | Received a gift from Okawaru
 47011 | Zot:3    | Noticed a Killer Klown
 47011 | Zot:3    | 47011 ||| INVOKING Finesse.
 47013 | Zot:3    | 47013 ||| INVOKING Heroism.
 47027 | Zot:3    | Killed a Killer Klown
 47154 | Zot:3    | 47154 ||| INVOKING Heroism.
 47195 | Zot:3    | 47195 ||| Stepping ~*~*~tactically~*~*~ (stealth).
 47208 | Zot:3    | 47208 ||| Stepping ~*~*~tactically~*~*~ (stealth).
 47287 | Zot:3    | Received a gift from Okawaru
 47705 | Zot:4    | Noticed a Killer Klown
 47706 | Zot:4    | 47706 ||| STAIRDANCE
 47714 | Zot:4    | 47714 ||| Stepping ~*~*~tactically~*~*~ (hiding).
 47715 | Zot:4    | 47715 ||| INVOKING Heroism.
 47716 | Zot:4    | 47716 ||| INVOKING Finesse.
 47734 | Zot:4    | Killed a Killer Klown
 47735 | Zot:4    | Reached skill level 15 in Throwing
 47770 | Zot:4    | 47770 ||| FLEEEEING.
 47771 | Zot:4    | 47771 ||| FLEEEEING.
 47772 | Zot:4    | 47772 ||| FLEEEEING.
 47773 | Zot:4    | 47773 ||| FLEEEEING.
 47775 | Zot:4    | 47775 ||| STAIRDANCE
 47796 | Zot:4    | 47796 ||| INVOKING Heroism.
 47811 | Zot:4    | Identified the +1 hat "Rejenatz" {-Cast rC+ Regen+ Dex+6}
                  | (Okawaru gifted it to you on level 4 of the Realm of Zot)
 47811 | Zot:4    | Received a gift from Okawaru
 47848 | Zot:4    | 47848 ||| Stepping ~*~*~tactically~*~*~ (stealth).
 47880 | Zot:4    | 47880 ||| INVOKING Heroism.
 47936 | Zot:4    | 47936 ||| INVOKING Heroism.
 48005 | Zot:4    | 48005 ||| INVOKING Heroism.
 48017 | Zot:4    | Identified the +10 halberd of Infection {protect, Will+
                  | Stlth+}
 48068 | Zot:4    | 48068 ||| Stepping ~*~*~tactically~*~*~ (hiding).
 48080 | Zot:4    | Noticed an orb of fire
 48081 | Zot:4    | 48081 ||| INVOKING Heroism.
 48081 | Zot:4    | Lost mutation: Your muscles are strong. (Str +4, Int/Dex
                  | -1) [an orb of fire]
 48082 | Zot:4    | 48082 ||| INVOKING Finesse.
 48096 | Zot:4    | Gained mutation: Armour fits poorly on your strangely
                  | shaped body. [an orb of fire]
 48100 | Zot:4    | Killed an orb of fire
 48103 | Zot:4    | Reached XP level 26. HP: 177/189 MP: 25/30
 48108 | Zot:4    | 48108 ||| DRINKING 6 potions of mutation.
 48108 | Zot:4    | Lost mutation: You possess an exceptional clarity of mind.
                  | [potion of mutation]
 48108 | Zot:4    | Lost mutation: You have a somewhat thin skeletal structure.
                  | (Dex +2, Stealth+) [potion of mutation]
 48108 | Zot:4    | Gained mutation: You are occasionally teleported next to
                  | monsters. [potion of mutation]
 48108 | Zot:4    | Gained mutation: You have sharp toenails. [potion of
                  | mutation]
 48109 | Zot:4    | 48109 ||| DRINKING 5 potions of mutation.
 48109 | Zot:4    | Lost mutation: You have sharp toenails. [potion of
                  | mutation]
 48109 | Zot:4    | Lost mutation: You are occasionally teleported next to
                  | monsters. [potion of mutation]
 48109 | Zot:4    | Gained mutation: You expend magic power (3 MP) to
                  | strengthen your wands. [potion of mutation]
 48109 | Zot:4    | Gained mutation: You possess an exceptional clarity of
                  | mind. [potion of mutation]
 48109 | Zot:4    | Gained mutation: You passively dampen the noise of your
                  | surroundings. [potion of mutation]
 48110 | Zot:4    | 48110 ||| DRINKING 4 potions of mutation.
 48110 | Zot:4    | Lost mutation: You passively dampen the noise of your
                  | surroundings. [potion of mutation]
 48110 | Zot:4    | Lost mutation: You expend magic power (3 MP) to strengthen
                  | your wands. [potion of mutation]
 48110 | Zot:4    | Lost mutation: Armour fits poorly on your strangely shaped
                  | body. [potion of mutation]
 48110 | Zot:4    | Gained mutation: Your muscles are strong. (Str +4, Int/Dex
                  | -1) [potion of mutation]
 48110 | Zot:4    | Gained mutation: Your natural rate of healing is unusually
                  | fast. [potion of mutation]
 48110 | Zot:4    | Gained mutation: You have hidden genetic potential. [potion
                  | of mutation]
 48158 | Zot:4    | Found a transporter.
 48159 | Zot:4    | 48159 ||| Stepping ~*~*~tactically~*~*~ (hiding).
 48163 | Zot:4    | 48163 ||| INVOKING Heroism.
 48181 | Zot:4    | Reached skill level 26 in Fighting
 48194 | Zot:4    | Found a transporter.
 48211 | Zot:4    | Found a transporter.
 48259 | Zot:4    | Found a transporter.
 48470 | Zot:4    | 48470 ||| INVOKING Heroism.
 48725 | Zot:4    | 48725 ||| INVOKING Heroism.
 48753 | Zot:4    | 48753 ||| UPGRADING to +1 hat "Rejenatz" {-Cast rC+ Regen+
                  | Dex+6}.
 48758 | Zot:4    | 48758 ||| DROPPING ring of see invisible.
 48791 | Zot:5    | Entered Level 5 of the Realm of Zot
 48857 | Zot:5    | 48857 ||| Stepping ~*~*~tactically~*~*~ (hiding).
 48859 | Zot:5    | 48859 ||| INVOKING Heroism.
 48921 | Zot:5    | 48921 ||| Stepping ~*~*~tactically~*~*~ (stealth).
 48922 | Zot:5    | 48922 ||| Stepping ~*~*~tactically~*~*~ (stealth).
 48930 | Zot:5    | 48930 ||| Stepping ~*~*~tactically~*~*~ (stealth).
 49021 | Zot:5    | Received a gift from Okawaru
 49034 | Zot:5    | Noticed an ancient lich
 49034 | Zot:5    | Noticed an ancient lich
 49035 | Zot:5    | 49035 ||| INVOKING Heroism.
 49036 | Zot:5    | 49036 ||| INVOKING Finesse.
 49037 | Zot:5    | 49037 ||| INVOKING Finesse.
 49054 | Zot:5    | Killed an ancient lich
 49060 | Zot:5    | Killed an ancient lich
 49079 | Zot:5    | Noticed a Killer Klown
 49080 | Zot:5    | Noticed an ancient lich
 49081 | Zot:5    | Noticed a Killer Klown
 49082 | Zot:5    | Noticed an orb of fire
 49089 | Zot:5    | Noticed a dread lich
 49091 | Zot:5    | 49091 ||| INVOKING Finesse.
 49094 | Zot:5    | Noticed a Killer Klown
 49097 | Zot:5    | Killed an ancient lich
 49100 | Zot:5    | Killed a Killer Klown
 49108 | Zot:5    | Killed a dread lich
 49110 | Zot:5    | Killed a Killer Klown
 49113 | Zot:5    | Killed an orb of fire
 49117 | Zot:5    | 49117 ||| INVOKING Heroism.
 49133 | Zot:5    | Noticed an orb of fire
 49133 | Zot:5    | Noticed an orb of fire
 49135 | Zot:5    | Noticed an orb of fire
 49149 | Zot:5    | Noticed a Killer Klown
 49156 | Zot:5    | Gained mutation: Your spells are a little easier to cast,
                  | but a little less powerful. [an orb of fire]
 49157 | Zot:5    | Gained mutation: You are clumsy. (Dex -2) [an orb of fire]
 49158 | Zot:5    | 49158 ||| INVOKING Finesse.
 49158 | Zot:5    | Gained mutation: You are very clumsy. (Dex -4) [an orb of
                  | fire]
 49160 | Zot:5    | Killed a Killer Klown
 49162 | Zot:5    | Killed an orb of fire
 49162 | Zot:5    | Received a gift from Okawaru
 49162 | Zot:5    | Noticed an ancient lich
 49163 | Zot:5    | Gained mutation: You are strong-willed. (Will+) [an orb of
                  | fire]
 49165 | Zot:5    | Gained mutation: Potions are less effective at restoring
                  | your health. [an orb of fire]
 49166 | Zot:5    | Killed an orb of fire
 49167 | Zot:5    | Killed an orb of fire
 49174 | Zot:5    | Lost mutation: Potions are less effective at restoring your
                  | health. [mutagenic glow]
 49175 | Zot:5    | Noticed a dread lich
 49176 | Zot:5    | Noticed a Killer Klown
 49192 | Zot:5    | Killed an ancient lich
 49197 | Zot:5    | Killed a dread lich
 49198 | Zot:5    | Reached XP level 27. HP: 186/197 MP: 25/31
 49211 | Zot:5    | Reached skill level 27 in Fighting
 49213 | Zot:5    | Lost mutation: Your natural rate of healing is unusually
                  | fast. [mutagenic glow]
 49215 | Zot:5    | Gained mutation: You have a pair of small horns on your
                  | head. [hidden potential]
 49224 | Zot:5    | 49224 ||| INVOKING Heroism.
 49250 | Zot:5    | Lost mutation: You have hidden genetic potential.
                  | [mutagenic glow]
 49397 | Zot:5    | Identified the +0 pair of gloves "Laofisu" {*Corrode Fly
                  | Dex+7} (Okawaru gifted it to you on level 5 of the Realm of
                  | Zot)
 49397 | Zot:5    | Received a gift from Okawaru
 49569 | Zot:5    | 49569 ||| PLANNING CONVERSION TO THE SHINING ONE
 49947 | D:5      | Fell from the grace of Okawaru
 49947 | D:5      | Became a worshipper of the Shining One
 49948 | D:5      | 49948 ||| PLANNING CRYPT
 49948 | D:5      | 49948 ||| SWAPPING to +1 broad axe of Kigrad {holy, rCorr
                  | Dex+4}.
 49949 | D:5      | 49949 ||| DROPPING +2 hat.
 49950 | D:5      | 49950 ||| DROPPING +0 pair of gloves "Laofisu" {*Corrode
                  | Fly Dex+7}.
 50253 | Crypt:1  | Entered Level 1 of the Crypt
 50298 | Crypt:1  | 50298 ||| Stepping ~*~*~tactically~*~*~ (stealth).
 50313 | Crypt:1  | Reached * piety under the Shining One
 50326 | Crypt:1  | 50326 ||| Stepping ~*~*~tactically~*~*~ (stealth).
 50355 | Crypt:1  | 50355 ||| Stepping ~*~*~tactically~*~*~ (hiding).
 50358 | Crypt:1  | 50358 ||| Stepping ~*~*~tactically~*~*~ (hiding).
 50359 | Crypt:1  | 50359 ||| Stepping ~*~*~tactically~*~*~ (hiding).
 50360 | Crypt:1  | 50360 ||| Stepping ~*~*~tactically~*~*~ (hiding).
 50361 | Crypt:1  | 50361 ||| Stepping ~*~*~tactically~*~*~ (hiding).
 50376 | Crypt:1  | Reached skill level 12 in Invocations
 50425 | Crypt:1  | Identified the ring of the Conjuring Gods {rPois rCorr EV+4
                  | Dex+3}
 50585 | Crypt:1  | Reached ** piety under the Shining One
 50670 | Crypt:1  | Noticed Boris
 50671 | Crypt:1  | 50671 ||| Stepping ~*~*~tactically~*~*~ (hiding).
 50680 | Crypt:1  | Killed Boris
 50844 | Crypt:1  | Paralysed by a sphinx for 5 turns
 51179 | Crypt:1  | 51179 ||| UPGRADING to ring of the Conjuring Gods {rPois
                  | rCorr EV+4 Dex+3}.
 51181 | Crypt:1  | 51181 ||| UPGRADING to ring "Eluuv" {rPois Str+6 Int-4
                  | Dex+2}.
 51183 | Crypt:1  | 51183 ||| DROPPING +4 ring of evasion.
 51221 | Crypt:2  | Reached *** piety under the Shining One
 51224 | Crypt:2  | 51224 ||| Stepping ~*~*~tactically~*~*~ (stealth).
 51245 | Crypt:2  | Reached **** piety under the Shining One
 51368 | Crypt:2  | Reached ***** piety under the Shining One
 51410 | Crypt:2  | 51410 ||| Stepping ~*~*~tactically~*~*~ (stealth).
 51561 | Crypt:2  | 51561 ||| DROPPING +2 war axe of electrocution.
 51646 | Crypt:2  | 51646 ||| INVOKING Cleansing Flame.
 51647 | Crypt:2  | 51647 ||| INVOKING Cleansing Flame.
 51738 | Crypt:2  | Found an ancient bone altar of Kikubaaqudgha.
 52002 | Crypt:3  | Entered Level 3 of the Crypt
 52016 | Crypt:3  | Found a staircase to the Tomb.
 52034 | Crypt:3  | 52034 ||| Stepping ~*~*~tactically~*~*~ (hiding).
 52038 | Crypt:3  | 52038 ||| INVOKING Cleansing Flame.
 52039 | Crypt:3  | 52039 ||| INVOKING Cleansing Flame.
 52047 | Crypt:3  | Reached skill level 15 in Invocations
 52094 | Crypt:3  | 52094 ||| Stepping ~*~*~tactically~*~*~ (stealth).
 52095 | Crypt:3  | 52095 ||| Stepping ~*~*~tactically~*~*~ (hiding).
 52096 | Crypt:3  | 52096 ||| Stepping ~*~*~tactically~*~*~ (hiding).
 52098 | Crypt:3  | 52098 ||| Stepping ~*~*~tactically~*~*~ (hiding).
 52105 | Crypt:3  | 52105 ||| Stepping ~*~*~tactically~*~*~ (stealth).
 52125 | Crypt:3  | Reached ****** piety under the Shining One
 52127 | Crypt:3  | 52127 ||| INVOKING Brand Weapon With Holy Wrath.
 52127 | Crypt:3  | Identified a +8 broad axe of holy wrath (a +6 vampiric
                  | broad axe blessed by the Shining One)
 52127 | Crypt:3  | Received a gift from the Shining One
 52128 | Crypt:3  | 52128 ||| SWAPPING to +8 broad axe of holy wrath.
 52129 | Crypt:3  | 52129 ||| DROPPING +1 broad axe of Kigrad {holy, rCorr
                  | Dex+4}.
 52130 | Crypt:3  | 52130 ||| READING 2 scrolls of enchant weapon.
 52130 | Crypt:3  | 52130 ||| ENCHANTING +8 broad axe of holy wrath.
 52136 | Crypt:3  | 52136 ||| Stepping ~*~*~tactically~*~*~ (hiding).
 52169 | Crypt:3  | 52169 ||| Stepping ~*~*~tactically~*~*~ (hiding).
 52268 | Crypt:3  | 52268 ||| Stepping ~*~*~tactically~*~*~ (stealth).
 52269 | Crypt:3  | 52269 ||| Stepping ~*~*~tactically~*~*~ (stealth).
 52302 | Crypt:3  | 52302 ||| FLEEEEING.
 52303 | Crypt:3  | 52303 ||| FLEEEEING.
 52306 | Crypt:3  | 52306 ||| Stepping ~*~*~tactically~*~*~ (hiding).
 52307 | Crypt:3  | 52307 ||| FLEEEEING.
 52331 | Crypt:3  | 52331 ||| Stepping ~*~*~tactically~*~*~ (hiding).
 52333 | Crypt:3  | 52333 ||| Stepping ~*~*~tactically~*~*~ (hiding).
 52334 | Crypt:3  | 52334 ||| Stepping ~*~*~tactically~*~*~ (hiding).
 52369 | Crypt:3  | 52369 ||| FLEEEEING.
 52371 | Crypt:3  | 52371 ||| INVOKING Cleansing Flame.
 52480 | Crypt:3  | 52480 ||| Stepping ~*~*~tactically~*~*~ (stealth).
 52507 | Crypt:3  | Identified the +6 trident of Causality {drain, *Noise
                  | Dex+7}
 52557 | Crypt:3  | Noticed Sojobo
 52560 | Crypt:3  | 52560 ||| INVOKING Summon Divine Warrior.
 52565 | Crypt:3  | 52565 ||| INVOKING Summon Divine Warrior.
 52571 | Crypt:3  | Paralysed by an air elemental for 1 turns
 52574 | Crypt:3  | 52574 ||| INVOKING Summon Divine Warrior.
 52577 | Crypt:3  | Paralysed by an air elemental for 1 turns
 52580 | Crypt:3  | Killed Sojobo
 52793 | Crypt:3  | 52793 ||| Stepping ~*~*~tactically~*~*~ (stealth).
 52805 | Crypt:3  | 52805 ||| Stepping ~*~*~tactically~*~*~ (stealth).
 52822 | Crypt:3  | 52822 ||| INVOKING Summon Divine Warrior.
 52979 | Crypt:3  | 52979 ||| Stepping ~*~*~tactically~*~*~ (stealth).
 52980 | Crypt:3  | 52980 ||| Stepping ~*~*~tactically~*~*~ (stealth).
 53071 | Crypt:3  | Noticed a dread lich
 53074 | Crypt:3  | 53074 ||| INVOKING Summon Divine Warrior.
 53077 | Crypt:3  | Killed a dread lich
 53124 | Crypt:3  | Identified the +12 dagger of Resourcefulness {protect,
                  | *Slow Str+2 Dex+2}
 53337 | Crypt:3  | Reached skill level 18 in Invocations
 53416 | Crypt:3  | 53416 ||| PLANNING TOMB
 53416 | Crypt:3  | 53416 ||| DROPPING +0 pair of gloves of a bazaar {rF- rN+
                  | Regen+ Str+2}.
 53417 | Crypt:3  | 53417 ||| DROPPING +6 ring of dexterity.
 53478 | Tomb:1   | Entered Level 1 of the Tomb of the Ancients
 53595 | Tomb:1   | 53595 ||| Stepping ~*~*~tactically~*~*~ (stealth).
 53848 | Tomb:1   | 53848 ||| INVOKING Summon Divine Warrior.
 53851 | Tomb:1   | Noticed a royal mummy
 53854 | Tomb:1   | 53854 ||| INVOKING Cleansing Flame.
 53858 | Tomb:1   | 53858 ||| INVOKING Cleansing Flame.
 53859 | Tomb:1   | 53859 ||| INVOKING Cleansing Flame.
 53860 | Tomb:1   | 53860 ||| INVOKING Cleansing Flame.
 53861 | Tomb:1   | Killed a royal mummy
 53863 | Tomb:1   | 53863 ||| INVOKING Cleansing Flame.
 53864 | Tomb:1   | 53864 ||| INVOKING Cleansing Flame.
 53866 | Tomb:1   | 53866 ||| INVOKING Cleansing Flame.
 53866 | Tomb:1   | HP: 48/199 [death scarab (12)]
 53867 | Tomb:1   | 53867 ||| READING 15 scrolls of teleportation.
 53931 | Tomb:1   | 53931 ||| INVOKING Cleansing Flame.
 54009 | Tomb:1   | 54009 ||| INVOKING Cleansing Flame.
 54024 | Tomb:1   | 54024 ||| Stepping ~*~*~tactically~*~*~ (hiding).
 54094 | Tomb:1   | 54094 ||| Stepping ~*~*~tactically~*~*~ (stealth).
 54097 | Tomb:1   | 54097 ||| Stepping ~*~*~tactically~*~*~ (stealth).
 54116 | Tomb:1   | 54116 ||| Stepping ~*~*~tactically~*~*~ (stealth).
 54117 | Tomb:1   | 54117 ||| Stepping ~*~*~tactically~*~*~ (stealth).
 54487 | Tomb:2   | 54487 ||| DRINKING 9 potions of haste.
 54488 | Tomb:2   | 54488 ||| DRINKING 8 potions of attraction.
 54489 | Tomb:2   | Noticed a royal mummy
 54489 | Tomb:2   | Noticed a royal mummy
 54489 | Tomb:2   | Noticed a royal mummy
 54489 | Tomb:2   | Noticed a royal mummy
 54490 | Tomb:2   | 54490 ||| INVOKING Summon Divine Warrior.
 54496 | Tomb:2   | 54496 ||| INVOKING Cleansing Flame.
 54496 | Tomb:2   | Killed a royal mummy
 54498 | Tomb:2   | Killed a royal mummy
 54501 | Tomb:2   | Killed a royal mummy
 54503 | Tomb:2   | Killed a royal mummy
 54508 | Tomb:2   | 54508 ||| INVOKING Cleansing Flame.
 54523 | Tomb:2   | 54523 ||| INVOKING Cleansing Flame.
 54570 | Tomb:2   | 54570 ||| INVOKING Cleansing Flame.
 54581 | Tomb:2   | 54581 ||| INVOKING Cleansing Flame.
 54954 | Tomb:1   | 54954 ||| INVOKING Summon Divine Warrior.
 54957 | Tomb:1   | Reached skill level 21 in Invocations
 54986 | Tomb:1   | Noticed a royal mummy
 54987 | Tomb:1   | Noticed a royal mummy
 54988 | Tomb:1   | 54988 ||| INVOKING Cleansing Flame.
 54989 | Tomb:1   | 54989 ||| INVOKING Cleansing Flame.
 54990 | Tomb:1   | 54990 ||| INVOKING Cleansing Flame.
 54992 | Tomb:1   | Killed a royal mummy
 54994 | Tomb:1   | Killed a royal mummy
 55058 | Tomb:1   | Noticed a royal mummy
 55059 | Tomb:1   | 55059 ||| INVOKING Summon Divine Warrior.
 55060 | Tomb:1   | 55060 ||| INVOKING Cleansing Flame.
 55061 | Tomb:1   | 55061 ||| INVOKING Cleansing Flame.
 55061 | Tomb:1   | Noticed a royal mummy
 55063 | Tomb:1   | Killed a royal mummy
 55067 | Tomb:1   | 55067 ||| INVOKING Cleansing Flame.
 55068 | Tomb:1   | 55068 ||| INVOKING Cleansing Flame.
 55068 | Tomb:1   | Killed a royal mummy
 55070 | Tomb:1   | Noticed a royal mummy
 55071 | Tomb:1   | Noticed a royal mummy
 55074 | Tomb:1   | 55074 ||| INVOKING Cleansing Flame.
 55075 | Tomb:1   | 55075 ||| INVOKING Cleansing Flame.
 55076 | Tomb:1   | 55076 ||| INVOKING Cleansing Flame.
 55077 | Tomb:1   | 55077 ||| INVOKING Cleansing Flame.
 55077 | Tomb:1   | Killed a royal mummy
 55078 | Tomb:1   | 55078 ||| DRINKING 9 potions of magic.
 55081 | Tomb:1   | Killed a royal mummy
 55085 | Tomb:1   | Noticed a royal mummy
 55091 | Tomb:1   | Noticed a royal mummy
 55094 | Tomb:1   | Killed a royal mummy
 55105 | Tomb:1   | Noticed a royal mummy
 55106 | Tomb:1   | 55106 ||| INVOKING Cleansing Flame.
 55107 | Tomb:1   | 55107 ||| INVOKING Cleansing Flame.
 55108 | Tomb:1   | 55108 ||| INVOKING Cleansing Flame.
 55109 | Tomb:1   | Noticed a royal mummy
 55109 | Tomb:1   | 55109 ||| INVOKING Cleansing Flame.
 55110 | Tomb:1   | 55110 ||| INVOKING Cleansing Flame.
 55110 | Tomb:1   | Killed a royal mummy
 55112 | Tomb:1   | 55112 ||| INVOKING Cleansing Flame.
 55113 | Tomb:1   | 55113 ||| INVOKING Cleansing Flame.
 55114 | Tomb:1   | 55114 ||| DRINKING 8 potions of magic.
 55115 | Tomb:1   | 55115 ||| INVOKING Summon Divine Warrior.
 55115 | Tomb:1   | Noticed a royal mummy
 55116 | Tomb:1   | Noticed a royal mummy
 55118 | Tomb:1   | Noticed a royal mummy
 55119 | Tomb:1   | Killed a royal mummy
 55121 | Tomb:1   | Noticed a royal mummy
 55121 | Tomb:1   | 55121 ||| INVOKING Cleansing Flame.
 55122 | Tomb:1   | 55122 ||| INVOKING Cleansing Flame.
 55122 | Tomb:1   | Noticed a royal mummy
 55123 | Tomb:1   | 55123 ||| INVOKING Cleansing Flame.
 55123 | Tomb:1   | HP: 41/199 [emperor scorpion[a royal mummy] (9)]
 55124 | Tomb:1   | 55124 ||| READING 14 scrolls of teleportation.
 55125 | Tomb:1   | 55125 ||| DRINKING 12 potions of heal wounds.
 55126 | Tomb:1   | 55126 ||| DRINKING 11 potions of heal wounds.
 55127 | Tomb:1   | Killed a royal mummy
 55381 | Tomb:1   | 55381 ||| Stepping ~*~*~tactically~*~*~ (stealth).
 55383 | Tomb:1   | 55383 ||| Stepping ~*~*~tactically~*~*~ (hiding).
 55387 | Tomb:1   | 55387 ||| INVOKING Cleansing Flame.
 55388 | Tomb:1   | 55388 ||| INVOKING Cleansing Flame.
 55389 | Tomb:1   | 55389 ||| INVOKING Summon Divine Warrior.
 55390 | Tomb:1   | Killed a royal mummy
 55406 | Tomb:1   | 55406 ||| INVOKING Cleansing Flame.
 55407 | Tomb:1   | 55407 ||| INVOKING Cleansing Flame.
 55410 | Tomb:1   | Killed a royal mummy
 55476 | Tomb:1   | 55476 ||| INVOKING Cleansing Flame.
 55480 | Tomb:1   | Killed a royal mummy
 55490 | Tomb:1   | Noticed a royal mummy
 55492 | Tomb:1   | 55492 ||| INVOKING Cleansing Flame.
 55494 | Tomb:1   | Killed a royal mummy
 55498 | Tomb:1   | Killed a royal mummy
 55520 | Tomb:1   | Noticed a royal mummy
 55527 | Tomb:1   | Killed a royal mummy
 55535 | Tomb:1   | 55535 ||| INVOKING Cleansing Flame.
 55536 | Tomb:1   | 55536 ||| INVOKING Cleansing Flame.
 55537 | Tomb:1   | 55537 ||| INVOKING Cleansing Flame.
 55537 | Tomb:1   | Killed a royal mummy
 55647 | Tomb:1   | Noticed a royal mummy
 55648 | Tomb:1   | 55648 ||| INVOKING Summon Divine Warrior.
 55653 | Tomb:1   | Killed a royal mummy
 55655 | Tomb:1   | Noticed a royal mummy
 55658 | Tomb:1   | 55658 ||| INVOKING Cleansing Flame.
 55659 | Tomb:1   | 55659 ||| INVOKING Cleansing Flame.
 55659 | Tomb:1   | Killed a royal mummy
 55664 | Tomb:1   | Noticed a royal mummy
 55667 | Tomb:1   | Noticed a royal mummy
 55668 | Tomb:1   | 55668 ||| INVOKING Cleansing Flame.
 55669 | Tomb:1   | 55669 ||| INVOKING Cleansing Flame.
 55669 | Tomb:1   | Killed a royal mummy
 55670 | Tomb:1   | Noticed a royal mummy
 55673 | Tomb:1   | 55673 ||| INVOKING Cleansing Flame.
 55673 | Tomb:1   | Killed a royal mummy
 55674 | Tomb:1   | 55674 ||| INVOKING Cleansing Flame.
 55675 | Tomb:1   | 55675 ||| INVOKING Cleansing Flame.
 55676 | Tomb:1   | 55676 ||| INVOKING Cleansing Flame.
 55676 | Tomb:1   | Killed a royal mummy
 55832 | Tomb:1   | Noticed a royal mummy
 55836 | Tomb:1   | 55836 ||| INVOKING Cleansing Flame.
 55842 | Tomb:1   | Killed a royal mummy
 56359 | Tomb:2   | 56359 ||| INVOKING Summon Divine Warrior.
 56360 | Tomb:2   | 56360 ||| INVOKING Cleansing Flame.
 56364 | Tomb:2   | 56364 ||| INVOKING Cleansing Flame.
 56365 | Tomb:2   | Noticed Boris
 56367 | Tomb:2   | 56367 ||| INVOKING Cleansing Flame.
 56373 | Tomb:2   | 56373 ||| INVOKING Cleansing Flame.
 56376 | Tomb:2   | 56376 ||| INVOKING Cleansing Flame.
 56379 | Tomb:2   | Killed Boris
 56381 | Tomb:2   | 56381 ||| INVOKING Cleansing Flame.
 56382 | Tomb:2   | 56382 ||| INVOKING Cleansing Flame.
 56485 | Tomb:3   | Entered Level 3 of the Tomb of the Ancients
 56486 | Tomb:3   | 56486 ||| DRINKING 9 potions of haste.
 56487 | Tomb:3   | 56487 ||| DRINKING 8 potions of attraction.
 56508 | Tomb:3   | Noticed a royal mummy
 56508 | Tomb:3   | 56508 ||| INVOKING Summon Divine Warrior.
 56510 | Tomb:3   | Reached skill level 24 in Invocations
 56510 | Tomb:3   | 56510 ||| INVOKING Cleansing Flame.
 56511 | Tomb:3   | 56511 ||| INVOKING Cleansing Flame.
 56512 | Tomb:3   | 56512 ||| INVOKING Cleansing Flame.
 56512 | Tomb:3   | Killed a royal mummy
 56518 | Tomb:3   | Was forgiven by Okawaru
 56528 | Tomb:3   | 56528 ||| INVOKING Cleansing Flame.
 56556 | Tomb:3   | Noticed a royal mummy
 56558 | Tomb:3   | Noticed a royal mummy
 56562 | Tomb:3   | 56562 ||| INVOKING Cleansing Flame.
 56563 | Tomb:3   | Noticed a royal mummy
 56564 | Tomb:3   | Killed a royal mummy
 56567 | Tomb:3   | Noticed a royal mummy
 56569 | Tomb:3   | 56569 ||| Stepping randomly (cloudy).
 56572 | Tomb:3   | 56572 ||| INVOKING Cleansing Flame.
 56573 | Tomb:3   | 56573 ||| INVOKING Cleansing Flame.
 56574 | Tomb:3   | 56574 ||| INVOKING Cleansing Flame.
 56578 | Tomb:3   | 56578 ||| INVOKING Cleansing Flame.
 56578 | Tomb:3   | Killed a royal mummy
 56578 | Tomb:3   | Noticed a royal mummy
 56579 | Tomb:3   | 56579 ||| INVOKING Cleansing Flame.
 56581 | Tomb:3   | Killed a royal mummy
 56581 | Tomb:3   | HP: 28/199 [something (28)]
 56582 | Tomb:3   | 56582 ||| READING 13 scrolls of teleportation.
 56582 | Tomb:3   | HP: 11/199 [bennu (14)]
 56583 | Tomb:3   | 56583 ||| DRINKING 10 potions of heal wounds.
 56584 | Tomb:3   | 56584 ||| DRINKING 9 potions of heal wounds.
 56585 | Tomb:3   | 56585 ||| INVOKING Cleansing Flame.
 56586 | Tomb:3   | 56586 ||| INVOKING Summon Divine Warrior.
 56595 | Tomb:3   | Noticed a royal mummy
 56598 | Tomb:3   | 56598 ||| INVOKING Summon Divine Warrior.
 56600 | Tomb:3   | 56600 ||| INVOKING Cleansing Flame.
 56601 | Tomb:3   | 56601 ||| INVOKING Cleansing Flame.
 56602 | Tomb:3   | 56602 ||| INVOKING Cleansing Flame.
 56602 | Tomb:3   | Killed a royal mummy
 56605 | Tomb:3   | Noticed a royal mummy
 56608 | Tomb:3   | 56608 ||| INVOKING Cleansing Flame.
 56608 | Tomb:3   | Killed a royal mummy
 56618 | Tomb:3   | 56618 ||| INVOKING Cleansing Flame.
 56805 | Tomb:3   | 56805 ||| INVOKING Summon Divine Warrior.
 56813 | Tomb:3   | 56813 ||| INVOKING Cleansing Flame.
 56815 | Tomb:3   | Killed a royal mummy
 56823 | Tomb:3   | 56823 ||| INVOKING Cleansing Flame.
 56831 | Tomb:3   | Noticed Khufu
 56835 | Tomb:3   | 56835 ||| INVOKING Cleansing Flame.
 56836 | Tomb:3   | 56836 ||| INVOKING Cleansing Flame.
 56837 | Tomb:3   | 56837 ||| INVOKING Cleansing Flame.
 56839 | Tomb:3   | 56839 ||| INVOKING Cleansing Flame.
 56839 | Tomb:3   | Killed Khufu
 56878 | Tomb:3   | Killed a royal mummy
 56879 | Tomb:3   | 56879 ||| REMOVING ring "Eluuv" {rPois Str+6 Int-4 Dex+2}.
 56990 | Tomb:3   | Identified the +12 crystal plate armour of Fun and Games
                  | {rF+ Dex+3}
 57016 | Tomb:3   | Identified the +1 sling of the Toadstool {speed, Will+
                  | Int+3 Dex+4}
 57026 | Tomb:3   | Identified the +5 quarterstaff of Fate {drain, Str+5 Int-2
                  | Stlth+}
 57277 | Tomb:3   | Got a golden rune of Zot
 57314 | Tomb:3   | 57314 ||| PLANNING ZIG
 57314 | Tomb:3   | 57314 ||| PLANNING D:1-11
 57314 | Tomb:3   | 57314 ||| PLANNING D:1-11
 57314 | Tomb:3   | 57314 ||| UPGRADING to +12 crystal plate armour of Fun and
                  | Games {rF+ Dex+3}.
 57324 | Tomb:3   | 57324 ||| DROPPING +13 chain mail "Heith" {+Inv rElec
                  | Regen+ Slay+2}.
 57325 | Tomb:3   | 57325 ||| DROPPING +0 pair of gloves of hurling.
 57326 | Tomb:3   | 57326 ||| UPGRADING to ring of Modesty {rC++ rN+ Will+
                  | Str-2 SInv}.
 57327 | Tomb:3   | 57327 ||| UPGRADING to amulet of reflection.
 57337 | Tomb:3   | 57337 ||| UPGRADING to ring of Ymaj {rF+ Slay+4}.
 57339 | Tomb:3   | 57339 ||| UPGRADING to amulet "Fauhog" {Acrobat rC+++ Will-
                  | Slay+4}.
 57873 | D:6      | 57873 ||| PLANNING ZIG
 58103 | Zig:1    | Entered Level 1 of a ziggurat
 58120 | Zig:2    | Entered Level 2 of a ziggurat
 58145 | Zig:3    | Entered Level 3 of a ziggurat
 58265 | Zig:3    | 58265 ||| DROPPING +0 broad axe of freezing.
 58272 | Zig:4    | Entered Level 4 of a ziggurat
 58276 | Zig:4    | 58276 ||| Stepping randomly (cloudy).
 58279 | Zig:4    | 58279 ||| INVOKING Cleansing Flame.
 58298 | Zig:5    | Entered Level 5 of a ziggurat
 58335 | Zig:5    | 58335 ||| DRINKING potion of experience.
 58335 | Zig:5    | Reached skill level 21 in Armour
 58336 | Zig:5    | 58336 ||| UPGRADING to ring "Eluuv" {rPois Str+6 Int-4
                  | Dex+2}.
 58341 | Zig:6    | Entered Level 6 of a ziggurat
 58348 | Zig:6    | Noticed a dread lich
 58349 | Zig:6    | 58349 ||| INVOKING Summon Divine Warrior.
 58351 | Zig:6    | 58351 ||| INVOKING Cleansing Flame.
 58356 | Zig:6    | Killed a dread lich
 58379 | Zig:7    | Entered Level 7 of a ziggurat
 58385 | Zig:7    | Noticed an orb of fire
 58386 | Zig:7    | 58386 ||| INVOKING Summon Divine Warrior.
 58390 | Zig:7    | Gained mutation: Your magical capacity is low. (-10% MP)
                  | [an orb of fire]
 58391 | Zig:7    | Gained mutation: Armour fits poorly on your strangely
                  | shaped body. [an orb of fire]
 58393 | Zig:7    | 58393 ||| INVOKING Summon Divine Warrior.
 58397 | Zig:7    | Gained mutation: Your spells are easier to cast, but less
                  | powerful. [an orb of fire]
 58398 | Zig:7    | Gained mutation: You occasionally lose the ability to read
                  | scrolls when taking damage. [an orb of fire]
 58400 | Zig:7    | Killed an orb of fire
 58401 | Zig:7    | 58401 ||| DRINKING 5 potions of mutation.
 58401 | Zig:7    | Lost mutation: You possess an exceptional clarity of mind.
                  | [potion of mutation]
 58401 | Zig:7    | Lost mutation: You are very clumsy. (Dex -4) [potion of
                  | mutation]
 58402 | Zig:7    | 58402 ||| DRINKING 4 potions of mutation.
 58402 | Zig:7    | Lost mutation: You have a beak for a mouth. [potion of
                  | mutation]
 58402 | Zig:7    | Lost mutation: Your muscles are strong. (Str +4, Int/Dex
                  | -1) [potion of mutation]
 58403 | Zig:7    | 58403 ||| DRINKING 3 potions of mutation.
 58403 | Zig:7    | Lost mutation: You occasionally lose the ability to read
                  | scrolls when taking damage. [potion of mutation]
 58403 | Zig:7    | Lost mutation: You are strong-willed. (Will+) [potion of
                  | mutation]
 58403 | Zig:7    | Lost mutation: Your spells are easier to cast, but less
                  | powerful. [potion of mutation]
 58403 | Zig:7    | Lost mutation: You have a pair of small horns on your head.
                  | [potion of mutation]
 58403 | Zig:7    | Gained mutation: You have sharp fingernails. [potion of
                  | mutation]
 58404 | Zig:7    | 58404 ||| DRINKING 2 potions of mutation.
 58404 | Zig:7    | Lost mutation: You have sharp fingernails. [potion of
                  | mutation]
 58404 | Zig:7    | Lost mutation: You are clumsy. (Dex -2) [potion of
                  | mutation]
 58404 | Zig:7    | Gained mutation: You have a somewhat thin skeletal
                  | structure. (Dex +2, Stealth+) [potion of mutation]
 58404 | Zig:7    | Gained mutation: Your mind is acute. (Int +4, Str/Dex -1)
                  | [potion of mutation]
 58405 | Zig:7    | 58405 ||| DRINKING potion of mutation.
 58405 | Zig:7    | Lost mutation: You have a somewhat thin skeletal structure.
                  | (Dex +2, Stealth+) [potion of mutation]
 58405 | Zig:7    | Lost mutation: Your spells are a little easier to cast, but
                  | a little less powerful. [potion of mutation]
 58405 | Zig:7    | Lost mutation: Your magical capacity is low. (-10% MP)
                  | [potion of mutation]
 58405 | Zig:7    | Lost mutation: Armour fits poorly on your strangely shaped
                  | body. [potion of mutation]
 58405 | Zig:7    | Gained mutation: You have a pair of small antennae on your
                  | head. [potion of mutation]
 58454 | Zig:7    | 58454 ||| DROPPING +0 cloak of stealth.
 58457 | Zig:8    | Entered Level 8 of a ziggurat
 58467 | Zig:8    | 58467 ||| DRINKING 14 potions of curing.
 58467 | Zig:8    | 58467 ||| (to cure confusion)
 58470 | Zig:8    | 58470 ||| DRINKING 13 potions of curing.
 58470 | Zig:8    | 58470 ||| (to cure confusion)
 58471 | Zig:8    | 58471 ||| DRINKING 12 potions of curing.
 58471 | Zig:8    | 58471 ||| (to cure confusion)
 58473 | Zig:8    | 58473 ||| DRINKING 11 potions of curing.
 58473 | Zig:8    | 58473 ||| (to cure confusion)
 58474 | Zig:8    | 58474 ||| DRINKING 10 potions of curing.
 58474 | Zig:8    | 58474 ||| (to cure confusion)
 58477 | Zig:8    | 58477 ||| DRINKING 9 potions of curing.
 58477 | Zig:8    | 58477 ||| (to cure confusion)
 58478 | Zig:8    | 58478 ||| DRINKING 8 potions of curing.
 58478 | Zig:8    | 58478 ||| (to cure confusion)
 58481 | Zig:8    | Gained mutation: Your spells are a little easier to cast,
                  | but a little less powerful. [a shining eye]
 58483 | Zig:8    | Gained mutation: You sometimes lose your temper in combat.
                  | [a shining eye]
 58503 | Zig:8    | Identified the ring "Vifegysch" {Wiz Stlth+}
 58507 | Zig:8    | Identified the ring of Xuax {rPois rCorr MP+9 Int+4 Dex-5}
 58515 | Zig:8    | 58515 ||| DROPPING ring "Vifegysch" {Wiz Stlth+}.
 58516 | Zig:8    | 58516 ||| DROPPING ring of Xuax {rPois rCorr MP+9 Int+4
                  | Dex-5}.
 58520 | Zig:9    | Entered Level 9 of a ziggurat
 58673 | Zig:9    | 58673 ||| DRINKING potion of mutation.
 58673 | Zig:9    | Lost mutation: You sometimes lose your temper in combat.
                  | [potion of mutation]
 58673 | Zig:9    | Lost mutation: Your mind is acute. (Int +4, Str/Dex -1)
                  | [potion of mutation]
 58673 | Zig:9    | Lost mutation: Your spells are a little easier to cast, but
                  | a little less powerful. [potion of mutation]
 58673 | Zig:9    | Gained mutation: Your flesh is heat resistant. (rF+)
                  | [potion of mutation]
 58673 | Zig:9    | Gained mutation: Potions are less effective at restoring
                  | your health. [potion of mutation]
 58673 | Zig:9    | Gained mutation: You are agile. (Dex +4, Str/Int -1)
                  | [potion of mutation]
 58676 | Zig:9    | Identified the +0 plate armour of Pikh {*Slow rF+ Int+4}
 58687 | Zig:10   | Entered Level 10 of a ziggurat
 58688 | Zig:10   | 58688 ||| INVOKING Summon Divine Warrior.
 58700 | Zig:10   | Noticed a juggernaut
 58701 | Zig:10   | Found the +12 glaive of Prune {vorpal}
 58702 | Zig:10   | Noticed a juggernaut
 58702 | Zig:10   | Noticed a juggernaut
 58703 | Zig:10   | Found the +8 frozen axe "Frostbite" {freezing cloud, *Noise
                  | Fly rC+}
 58706 | Zig:10   | 58706 ||| REMOVING ring "Eluuv" {rPois Str+6 Int-4 Dex+2}.
 58707 | Zig:10   | 58707 ||| INVOKING Summon Divine Warrior.
 58709 | Zig:10   | 58709 ||| DRINKING 7 potions of curing.
 58709 | Zig:10   | 58709 ||| (to cure confusion)
 58710 | Zig:10   | 58710 ||| DRINKING 6 potions of curing.
 58710 | Zig:10   | 58710 ||| (to cure confusion)
 58711 | Zig:10   | Noticed a juggernaut
 58720 | Zig:10   | Killed a juggernaut
 58721 | Zig:10   | 58721 ||| DRINKING 5 potions of curing.
 58721 | Zig:10   | 58721 ||| (to cure confusion)
 58722 | Zig:10   | 58722 ||| DRINKING 9 potions of haste.
 58723 | Zig:10   | 58723 ||| DRINKING 11 potions of might.
 58725 | Zig:10   | Killed a juggernaut
 58726 | Zig:10   | HP: 44/199 [iron giant/iron golem[an orange crystal statue]
                  | (11)]
 58727 | Zig:10   | 58727 ||| DRINKING 11 potions of heal wounds.
 58728 | Zig:10   | 58728 ||| DRINKING 10 potions of heal wounds.
 58729 | Zig:10   | 58729 ||| DRINKING 9 potions of heal wounds.
 58730 | Zig:10   | 58730 ||| DRINKING 4 potions of curing.
 58730 | Zig:10   | 58730 ||| (to cure confusion)
 58730 | Zig:10   | The Shining One protects you from harm!
 58731 | Zig:10   | 58731 ||| DRINKING 3 potions of curing.
 58731 | Zig:10   | 58731 ||| (to cure confusion)
 58732 | Zig:10   | 58732 ||| DRINKING 8 potions of heal wounds.
 58733 | Zig:10   | 58733 ||| DRINKING 7 potions of heal wounds.
 58734 | Zig:10   | Killed a juggernaut
 58739 | Zig:10   | HP: 38/199 [titan/the air[an orange crystal statue] (18)]
 58740 | Zig:10   | Noticed a juggernaut
 58740 | Zig:10   | 58740 ||| DRINKING 6 potions of heal wounds.
 58741 | Zig:10   | 58741 ||| DRINKING 5 potions of heal wounds.
 58742 | Zig:10   | 58742 ||| DRINKING 4 potions of heal wounds.
 58743 | Zig:10   | 58743 ||| DRINKING 3 potions of heal wounds.
 58744 | Zig:10   | 58744 ||| DRINKING 2 potions of heal wounds.
 58744 | Zig:10   | HP: 35/199 [iron giant/+0 giant club[an orange crystal
                  | statue] (11)]
 58745 | Zig:10   | 58745 ||| DRINKING potion of heal wounds.
 58747 | Zig:10   | Mangled by an iron giant

Levels and vault maps discovered:
D:1:      minmay_arrival_shattered_statue, layout_basic
D:2:      layout_loops_ring, hellmonk_ecumenical_altar_crossroads
D:3:      cheibrodos_fertilizer, layout_rooms, slow_altar_2
D:4:      layout_cave_pods, uniq_sigmund
D:5:      layout_basic, old_standard_altar, grunt_temple_overflow_open
D:6:      layout_layer_cave, mainiacjoe_overflow_small_starburst,
          grunt_dithmenos_smoke, portal_sewer_entry_e, serial_shops, shop_coins,
          uniq_edmund
D:7:      layout_rooms, grunt_temple_overflow_lords_of_destruction,
          minmay_temple_entry_grid
D:8:      layout_basic, uniq_maurice, uniq_erica
D:9:      layout_cave_pools, grunt_temple_overflow_growth_and_decay,
          zin_scriptorium, special_room [special_room_bee]
D:10:     layout_basic, erik_lair_island, serial_shops,
          nicolae_shop_advertising_works [nicolae_subvault_shop_adworks],
          nicolae_shop_hallway_plus, nicolae_shop_hallway_plus, kennysheep_mini,
          minmay_misc_feat_four_crosses, kennysheep_nondescript
D:11:     wad_woods_stonehenge, layout_loops_ring, enter_trove_2, serial_shops,
          nicolae_shop_trees, uniq_gastronok, uniq_psyche
D:12:     layout_basic, uniq_kirke
D:13:     layout_small_grid, hex_large, minmay_beelzebubs_servants
D:14:     layout_big_octagon, david_vaults_2, serial_ice, serial_ice_k,
          serial_ice_c, serial_ice_a, serial_ice_n, serial_ice_d, serial_ice_o,
          serial_ice_h, serial_ice_m, portal_ice_cave_entry_pillars_four,
          uniq_frances
D:15:     hangedman_depths_entry_civil_slaughter, layout_loops_corners,
          kiku_gazebo_pond_becter
Lair:1:   layout_cave_pods, serial_bayou_lagoon_a, beast_lair_carwin_6
Lair:2:   layout_loops_ring, minmay_swamp_entry_worms,
          spider_nest_entry_funnel_web, grunt_megastairs_2
Lair:3:   beast_lair_carwin_large_1, layout_chaotic_city, lemuel_fruit_fields
Lair:4:   layout_layer_cave
Lair:5:   guppyfry_lair_end_dragon, layout_regular_city, wormcave,
          slime_entry_1, eino_house_with_fridge
Swamp:1:  layout_basic_swamp, hellmonk_ghost_happy_afterlife,
          evilmike_swamp_ruin_house_5, uniq_louise, uniq_josephine
Swamp:2:  layout_falls_marsh, nicolae_swamp_some_circles, swamp_pool1
Swamp:3:  layout_falls_marsh, evilmike_swamp_ruin_rubble_2, swamp_pool1,
          infiniplex_staircase_pool
Swamp:4:  swamp, layout_basic_swamp, uniq_bai_suzhen
Spider:1: layout_cave_pods, drop_trap
Spider:2: layout_spider_delve
Spider:3: layout_spider_delve, uniq_nikola
Spider:4: grunt_spider_rune_island, uniq_roxanne, uniq_mara
Orc:1:    layout_caves, serial_shops, nicolae_shop_overgrown_old_shop
Orc:2:    st_orc_congregation, layout_caves, serial_shops, nicolae_shop_trees,
          nicolae_shop_hallway_stairs, uniq_saint_roka, uniq_rupert
Vaults:1: mu_enter_wizlab_4, hangedman_vaults_stream, v_misc_3, serial_ice_b,
          ontoclasm_vaults_shout, ontoclasm_vaults_hangar,
          hangedman_vaults_corner, v_misc_24,
          vaults_room_grunt_arrival_checkpoint, v_alt_pattern_2,
          layout_vaults_omnicross
Vaults:2: ontoclasm_vaults_bender, nicolae_vaults_network_star,
          nicolae_vaults_big_angled_halls, minmay_crypt_entry_simple_box,
          grunt_vaults_hallway_short, nicolae_vaults_ninety_degrees, v_misc_4,
          vaults_dpeg_encased_lava, v_misc_12, nicolae_vaults_ring_of_whatevers,
          layout_vaults_big_room, serial_shops, shop
Vaults:3: dpeg_vaults_hating_casters, vaults_room_grid, hangedman_vaults_hat,
          nicolae_vaults_little_ls, hangedman_vaults_slice,
          nicolae_vaults_three_branches, ontoclasm_vaults_ligature,
          vaults_room_fours, layout_vaults_omnigrid
Vaults:4: gammafunk_ghost_wrathful_warriors, hangedman_vaults_pinch,
          hangedman_vaults_slice, nicolae_vaults_puzzle_piece,
          vaults_room_door_ring, vaults_room_ringed_pool,
          nicolae_vaults_little_squares_4, nicolae_vaults_stairing_the_circle,
          ontoclasm_vaults_shuriken, hangedman_vaults_slither,
          nicolae_vaults_angled_halls, nicolae_vaults_mini_display_case,
          vaults_dpeg_diagonal, layout_vaults_omnibox
Vaults:5
Crypt:1:  dreamdust_cat_pyramid, layout_misc_corridors, corner_web_ring,
          grunt_ministairs_6, uniq_boris
Crypt:2:  layout_catacombs, basic_altar, grunt_megastairs_5
Crypt:3:  due_elkab, layout_chaotic_city, lemuel_statue_altar, uniq_sojobo
Tomb:1
Tomb:2
Tomb:3
Depths:1: layout_cave_shapes, marbit_kobold_abyss_entry, serial_shops,
          nicolae_inconvenience_store, nrook_mini_backslash, hell_entry,
          grunt_guarded_unrand_obsidian_axe
Depths:2: thingy_vault, layout_honeycomb, hell_entry, rand_demon_pan_entry_9,
          biasface_ghost_demon_polymorph,
          nicolae_concentric_dashed_squares_mild, kennysheep_potato,
          serial_bayou_shore_a
Depths:3: minmay_the_grid_triangle_9x9_rhombus_full
          [minmay_the_grid_triangle_9x9_sparse_checkered,
          minmay_the_grid_triangle_9x9_from_above,
          minmay_the_grid_triangle_9x9_pentomino_pain,
          minmay_the_grid_triangle_9x9_windchime,
          minmay_the_grid_triangle_9x9_wacky_v,
          minmay_the_grid_triangle_9x9_odd_lines,
          minmay_the_grid_triangle_9x9_limited_checkers,
          minmay_the_grid_triangle_9x9_prize_center], layout_honeycomb,
          enter_ziggurat_d, hell_entry, nicolae_abyss_entry_one_way_or_another,
          chequers_serial_rivers_room_a
Depths:4: grunt_twist_and_shout, layout_gridlike, hell_entry, abyss_entry,
          rand_demon_pan_entry_4
Zot:1:    layout_misc_corridors, lemuel_flame_loot_1
Zot:2:    layout_basic, grunt_ministairs_2, skrybe_zot_glass_1
Zot:3:    cheibrodos_zot_enchanting_chambers, layout_twisted_circle
Zot:4:    layout_basic, st_single_dragon_hoard_1,
          nicolae_transporter_intersection
Zot:5:    layout_misc_corridors
Zig:10

Skill      XL: |  1  2  3  4  5  6  7  8  9 10 11 12 13 14 15 16 17 18 19 20 21 22 23 24 25 26 27 |
---------------+----------------------------------------------------------------------------------+-----
Axes           | 2 3 4 5 7 8 9 10 11 12 13 15 17 18 | 18.0
Dodging        | 2 3 4 5 6 7 8 10 11 12 14 | 14.0
Fighting       | 4 5 7 8 9 10 11 12 13 15 17 18 20 21 22 24 25 26 27 | 27.0
Throwing       | 2 7 9 10 11 13 14 15 | 15.0
Armour         | 4 5 6 8 9 11 12 13 15 16 18 19 20 23 | 23.0
Invocations    | 1 4 6 9 10 11 25 | 25.6
Shields        | 4 5 6 7 8 11 17 18 19 20 21 22 | 22.0

Action                   |  1- 3 |  4- 6 |  7- 9 | 10-12 | 13-15 | 16-18 | 19-21 | 22-24 | 25-27 || total
-------------------------+-------+-------+-------+-------+-------+-------+-------+-------+-------++-------
Melee: War axe           |    91 |    55 |       |       |       |       |       |       |       ||   146
       Broad axe         |       |    29 |   202 |   392 |   636 |  1347 |  1648 |  1492 |  1707 ||  7453
       Flail             |       |       |       |       |    25 |    26 |       |       |       ||    51
       Peck              |       |       |       |       |       |       |       |   155 |   536 ||   691
       Headbutt          |       |       |       |       |       |       |       |       |   289 ||   289
Throw: Boomerang         |     9 |    43 |    60 |    49 |    79 |    32 |    34 |       |    28 ||   334
       Javelin           |       |       |       |     1 |    54 |   148 |   109 |    93 |   217 ||   622
Invok: Heroism           |       |       |     6 |    23 |    28 |    55 |    36 |    54 |    21 ||   223
       Finesse           |       |       |       |     2 |    11 |    18 |     5 |    22 |     8 ||    66
       Cleansing Flame   |       |       |       |       |       |       |       |       |    89 ||    89
       Summon Divine War |       |       |       |       |       |       |       |       |    22 ||    22
       Brand Weapon With |       |       |       |       |       |       |       |       |     1 ||     1
Evoke: Wand              |       |       |       |       |       |       |       |     1 |       ||     1
  Use: Scroll            |     4 |     2 |    15 |     5 |     6 |    10 |     2 |     8 |     4 ||    56
       Potion            |       |       |     4 |     1 |       |     9 |     5 |     3 |    45 ||    67
 Stab: Confused          |       |       |       |       |       |       |     1 |       |       ||     1
Armor: Scale mail        |    50 |    61 |     2 |       |       |       |       |       |       ||   113
       Chain mail        |       |       |   135 |    89 |   110 |   518 |   777 |   401 |   624 ||  2654
       Plate armour      |       |       |       |   135 |   245 |       |       |       |       ||   380
       Crystal plate arm |       |       |       |       |       |       |       |       |    97 ||    97
Dodge: Dodged            |    33 |    38 |    81 |   237 |   326 |   393 |   751 |   426 |   874 ||  3159
       Repelled          |       |       |       |       |     7 |    10 |    16 |    19 |    43 ||    95
Block: Buckler           |    12 |    16 |    30 |   127 |   184 |   146 |       |       |       ||   515
       Reflection        |       |       |       |       |     2 |    15 |    51 |    33 |       ||   101
       Tower shield      |       |       |       |       |       |  1047 |  1798 |  1378 |  1752 ||  5975

Table legend:
 A = Non-vault XP
 B = Vault XP
 C = Vault XP percentage of total XP
 D = Non-vault monster count
 E = Vault monster count
 F = Vault count percentage of total count
                 A         B        C        D         E       F
            +---------+---------+-------+---------+---------+-------
      Total |  866670 |  864294 |  49.9 |    1553 |    1031 |  39.9
            +---------+---------+-------+---------+---------+-------
        D:1 |      30 |       0 |   0.0 |      19 |       0 |   0.0
        D:2 |      46 |       0 |   0.0 |      14 |       0 |   0.0
        D:3 |      40 |     113 |  73.9 |      18 |      16 |  47.1
        D:4 |     203 |     239 |  54.1 |      15 |       1 |   6.2
        D:5 |     945 |       0 |   0.0 |      18 |       0 |   0.0
        D:6 |     993 |     196 |  16.5 |      15 |       9 |  37.5
        D:7 |    1308 |      46 |   3.4 |      21 |       1 |   4.5
        D:8 |    1729 |    1288 |  42.7 |      22 |       2 |   8.3
        D:9 |    3137 |    1731 |  35.6 |      24 |      24 |  50.0
       D:10 |    2863 |     643 |  18.3 |      27 |       9 |  25.0
       D:11 |    3602 |    4555 |  55.8 |      10 |      10 |  50.0
       D:12 |    6534 |    2486 |  27.6 |      18 |       7 |  28.0
       D:13 |    7142 |    2807 |  28.2 |      16 |       8 |  33.3
       D:14 |    8359 |    4865 |  36.8 |      18 |      21 |  53.8
       D:15 |    5078 |    4503 |  47.0 |      12 |       6 |  33.3
     Lair:1 |    7233 |    1021 |  12.4 |      22 |       7 |  24.1
     Lair:2 |    4101 |    4718 |  53.5 |      12 |      11 |  47.8
     Lair:3 |    8161 |    1450 |  15.1 |      23 |       9 |  28.1
     Lair:4 |    8633 |       0 |   0.0 |      27 |       0 |   0.0
     Lair:5 |    9798 |    5800 |  37.2 |      30 |      31 |  50.8
    Swamp:1 |   10506 |    2688 |  20.4 |      18 |       5 |  21.7
    Swamp:2 |   12460 |       0 |   0.0 |      28 |       0 |   0.0
    Swamp:3 |    5414 |       0 |   0.0 |      12 |       0 |   0.0
    Swamp:4 |   11929 |   19461 |  62.0 |      21 |      27 |  56.2
   Spider:1 |   14352 |       0 |   0.0 |      44 |       0 |   0.0
   Spider:2 |   17047 |       0 |   0.0 |      36 |       0 |   0.0
   Spider:3 |   10800 |    2346 |  17.8 |      23 |       1 |   4.2
   Spider:4 |   17527 |   25089 |  58.9 |      31 |      35 |  53.0
      Orc:1 |    4158 |     718 |  14.7 |      48 |       6 |  11.1
      Orc:2 |    3345 |   15803 |  82.5 |      46 |      71 |  60.7
   Vaults:1 |   24092 |   23981 |  49.9 |      35 |      35 |  50.0
   Vaults:2 |   21449 |   11584 |  35.1 |      38 |      15 |  28.3
   Vaults:3 |   20532 |   19257 |  48.4 |      32 |      27 |  45.8
   Vaults:4 |   49147 |   43197 |  46.8 |      69 |      56 |  44.8
   Vaults:5 |   24925 |  101631 |  80.3 |      37 |      77 |  67.5
    Crypt:1 |   15599 |   12659 |  44.8 |      26 |       8 |  23.5
    Crypt:2 |   24996 |    6895 |  21.6 |      42 |       8 |  16.0
    Crypt:3 |   23555 |   51560 |  68.6 |      36 |      60 |  62.5
     Tomb:1 |    7380 |  122192 |  94.3 |      23 |      85 |  78.7
     Tomb:2 |   24721 |   35174 |  58.7 |      37 |      53 |  58.9
     Tomb:3 |   22127 |   54473 |  71.1 |      41 |      59 |  59.0
   Depths:1 |   42255 |   11836 |  21.9 |      53 |      26 |  32.9
   Depths:2 |   22651 |   23952 |  51.4 |      26 |      25 |  49.0
   Depths:3 |   18972 |   27915 |  59.5 |      23 |      26 |  53.1
   Depths:4 |   47046 |   20041 |  29.9 |      54 |      19 |  26.0
      Zot:1 |   40634 |    4002 |   9.0 |      32 |       2 |   5.9
      Zot:2 |   37212 |       0 |   0.0 |      36 |       0 |   0.0
      Zot:3 |   30794 |   37094 |  54.6 |      22 |      28 |  56.0
      Zot:4 |   57316 |    2545 |   4.3 |      45 |       1 |   2.2
      Zot:5 |   33011 |  109300 |  76.8 |      22 |      42 |  65.6
    Abyss:3 |   19810 |       0 |   0.0 |      64 |       0 |   0.0
      Zig:1 |    1841 |       0 |   0.0 |       2 |       0 |   0.0
      Zig:2 |    2314 |       0 |   0.0 |       3 |       0 |   0.0
      Zig:3 |    2719 |       0 |   0.0 |       3 |       0 |   0.0
      Zig:4 |    4046 |       0 |   0.0 |       4 |       0 |   0.0
      Zig:5 |    4570 |       0 |   0.0 |       7 |       0 |   0.0
      Zig:6 |   10528 |       0 |   0.0 |       6 |       0 |   0.0
      Zig:7 |    9190 |       0 |   0.0 |      11 |       0 |   0.0
      Zig:8 |    6851 |       0 |   0.0 |      11 |       0 |   0.0
      Zig:9 |    9839 |       0 |   0.0 |      16 |       0 |   0.0
     Zig:10 |   19075 |     632 |   3.2 |       9 |       1 |  10.0
     WizLab |       0 |   41808 | 100.0 |       0 |      61 | 100.0
            +---------+---------+-------+---------+---------+-------
